Workbook

Sheet ANEXO 1
B1: ANEXO 1
D2: ANÁLISIS DE COTIZACIONES
D3: PRESTAR EL SERVICIO DE MANTENIMIENTO DE EQUIPOS: ALCANCE AL OBJETO: GRUPO No 1: PRESTAR EL SERVICIO DE MANTENIMIENTO PREVENTIVO Y SOPORTE TÉCNICO PARA EQUIPOS DE REFRIGERACIÓN Y CONGELACIÓN DE LOS GRUPOS GENÉTICA DE LA FISCALÍA GENERAL DE LA NACIÓN. GRUPO No 2: PRESTAR EL SERVICIO DE MANTENIMIENTO PREVENTIVO, CORRECTIVO Y SOPORTE TÉCNICO PARA LOS EQUIPOS DE MEDIANA TECNOLOGÍA DE LOS GRUPOS GENÉTICA DE LA FISCALÍA GENERAL DE LA NACIÓN. GRUPO No 3: PRESTAR EL SERVICIO DE MANTENIMIENTO PREVENTIVO, CORRECTIVO Y SOPORTE TÉCNICO PARA LOS EQUIPOS CABINAS DE EXTRACCIÓN, BIOSEGURIDAD Y FLUJO LAMINAR DE LOS GRUPOS GENÉTICA Y QUÍMICA (Seccional Bogotá) DE LA FISCALÍA GENERAL DE LA NACIÓN.
B6: NECESIDAD
B7: GRUPO 1. MANTENIMIENTO PREVENTIVO, CORRECTIVO Y SOPORTE TÉCNICO PARA EQUIPOS DE REFRIGERACIÓN Y CONGELACIÓN - GRUPO DE GENETICA
B8: MANTENIMIENTO PREVENTIVO / SOPORTE TÉCNICO | G8: COTIZACION LABPRO
B9: ITEM | C9: DESCRIPCIÓN DEL BIEN | D9: UNIDAD DE MEDIDA | E9: CANTIDAD | G9: VALOR UNITARIO SIN IVA
B10: 1 | C10: Congelador Revco md ULT 1740-5-A 30 S/N Y09H- 408968-YH (Bogotá G-179) | D10: UNIDAD | E10: 1 | G10: 240000
B11: 2 | C11: Congelador Revco md ULT2330A 22 s/n 0112971801130926 (Bogotá G-270) | D11: UNIDAD | E11: 1 | G11: 240000
B12: 3 | C12: Refrigerador Revco md REL2304A23 s/n 0112836701130801 (Bogotá G-291) | D12: UNIDAD | E12: 1 | G12: 215000
B13: 4 | C13: Refrigerador Revco md REL2304A14 s/n Y18H- 410411-YH (Bogotá G-174) | D13: UNIDAD | E13: 1 | G13: 215000
B14: 5 | C14: Refrigerador Revco md REL404A20 s/n 0115019101131008 (Bogotá G-301) | D14: UNIDAD | E14: 1 | G14: 215000
B15: 6 | C15: Refrigerador Revco md REL404A20 (Bogotá G- 302) | D15: UNIDAD | E15: 1 | G15: 215000
B16: 7 | C16: Refrigerador Revco md REL3004a23 s/n 01128803011820 (Bogotá G-290) | D16: UNIDAD | E16: 1 | G16: 215000
B17: 8 | C17: Refrigerador Revco md REL1204a24 s/n 0115089001131108 (Bogotá G-298) | D17: UNIDAD | E17: 1 | G17: 215000
B18: 9 | C18: Refrigerador / congelador EVERMED LCRF-370W (Bogotá G-331, G-332) | D18: UNIDAD | E18: 2 | G18: 290000
B19: 10 | C19: Refrigerador diserlab DIS NVE-01 (Bogotá G-142) | D19: UNIDAD | E19: 1 | G19: 300000
B20: 11 | C20: Refrigerador / congelador EVERMED LCRF-625S (Bogotá G-333) | D20: UNIDAD | E20: 1 | G20: 300000
B21: 12 | C21: Congelador THERMO SCIENTIFIC TSX2330FY (Bogotá G-365) | D21: UNIDAD | E21: 1 | G21: 240000
... B42: 33 | C42: Atlántico: Congelador-Refrigerador THERMO SCIENTIFIC MC20SS-SAEE-TS ATL, S/N 1168889501180806 (G-195) | D42: UNIDAD | E42: 1 | G42: 550000
B43: MANTENIMIENTO PREVENTIVO Y CORRECTIVO / SOPORTE TÉCNICO | G43: COTIZACION LABPRO
B44: ITEM | C44: DESCRIPCIÓN DEL BIEN | D44: UNIDAD DE MEDIDA | E44: CANTIDAD | G44: VALOR UNITARIO SIN IVA
B45: 34 | C45: Congelador EVERMED LF-140W (Bogotá G-334) El mantenimiento correctivo debe incluir: cambio del controlador PID (display), sensor de temperatura y módulo de control de potencia (repuestos y servicios). | D45: UNIDAD | E45: 1 | G45: 240000
B46: 34.1 | C46: Repotenciación del sistema de control de temperatura para Congelador EVERMED LF-140W (Bogotá G-334) incluye reemplazo de controlador PID (display), sensor de temperatura y módulo de control de potencia. | D46: UNIDAD | E46: 1 | G46: 3610000
B47: 35 | C47: Refrigerador Revco md REL2304A23 s/n Y18H- 410410-YH (Bogotá G-178) El mantenimiento correctivo debe incluir el reemplazo del sensor de temperatura | D47: UNIDAD | E47: 1 | G47: 290000
B48: 35.1 | C48: Suministro e instalación sensor de temperatura para Refrigerador Revco md REL2304A23 s/n Y18H- 410410-YH (Bogotá G-178) | D48: UNIDAD | E48: 1 | G48: 710000
B49: 36 | C49: Congelador THERMO SCIENTIFIC TSX2330FY (Bogotá, G-358) El mantenimiento correctivo debe incluir la reparación del sistema de drenaje de condensados. | D49: UNIDAD | E49: 1 | G49: 240000
B50: 36.1 | C50: Reparación del sistema de drenaje de condensados del evaporador hacia la salida de desagüe para Congelador THERMO SCIENTIFIC TSX2330FY (Bogotá G-358) | D50: UNIDAD | E50: 1 | G50: 1060000
B51: 37 | C51: Ultracongelador THERMO SCIENTIFIC TSX2330FY (Bogotá G-388) El mantenimiento correctivo debe incluir: entrega e instalación de regulador de 4 kVA (repuestos y servicios). | D51: UNIDAD | E51: 1 | G51: 530000
B52: 37.1 | C52: Suministro de regulador de 4KVA para Ultracongelador THERMO SCIENTIFIC TSX2330FY (Bogotá G-388) | D52: UNIDAD | E52: 1 | G52: 2100000
B53: GRUPO 2. EQUIPOS DE MEDIANA TECNOLOGÍA - GRUPO DE GENETICA
B54: MANTENIMIENTO PREVENTIVO / SOPORTE TECNICO (INCLUYE CONSUMIBLES PARA: ATL-G-37, ATL-G-99, G146, G229)
B55: ITEM | C55: DESCRIPCIÓN DEL BIEN | D55: UNIDAD DE MEDIDA | E55: CANTIDAD | G55: VALOR UNITARIO SIN IVA
B56: 1 | C56: Minispin 5452 eppendorf (Bogotá G-133, G-135) | D56: UNIDAD | E56: 2 | G56: 120000
B57: 2 | C57: Microcentrífuga Labnet (Bogotá G-255, G- 299) | D57: UNIDAD | E57: 2 | G57: 120000
B58: 3 | C58: Centrífuga refrigerada SORVALL LEGEND XFR marca THERMO SCIENTIFIC (Bogotá G-225, G-254) | D58: UNIDAD | E58: 2 | G58: 215000
B59: 4 | C59: Centrífuga refrigerada Labnet referencia Z400K (Bogotá G-129, G-130) | D59: UNIDAD | E59: 2 | G59: 215000
B60: 5 | C60: Horno de hibridación marca FINEPCR (Bogotá G-306) | D60: UNIDAD | E60: 1 | G60: 186000
B61: 6 | C61: Autoclave Tuttnauer Modelo 2540 Nova-3 (Bogotá G-237) | D61: UNIDAD | E61: 1 | G61: 480000
B62: 7 | C62: Molinos Mezcladores MM400 marca Retsh (Bogotá G-104, G-226, G-261, G-303, 369) | D62: UNIDAD | E62: 5 | G62: 215000
B63: 8 | C63: Concentrador eppendorf (Bogotá G-227) | D63: UNIDAD | E63: 1 | G63: 310000
B64: 9 | C64: Mini incubadora (Bogotá G-145, G-305) | D64: UNIDAD | E64: 2 | G64: 190000
B65: 10 | C65: Mototool (Bogotá G-89, G-172, G-77 ) | D65: UNIDAD | E65: 3 | G65: 175000
B66: 11 | C66: Bloque seco (Bogotá G-238) | D66: UNIDAD | E66: 1 | G66: 215000
B67: 12 | C67: Microcentrífuga Labnet (Bogotá G-131) | D67: UNIDAD | E67: 1 | G67: 130000
... B104: 49 | C104: Medellín: Horno de hibridación marca BARNSTEAD LAB-LINE Modelo CAT 308A (MED-G- 165) | D104: UNIDAD | E104: 1 | G104: 450000
B105: MANTENIMIENTO PREVENTIVO Y CORRECTIVO / SOPORTE TÉCNICO
B106: ITEM | C106: DESCRIPCIÓN DEL BIEN | D106: UNIDAD DE MEDIDA | E106: CANTIDAD | G106: VALOR UNITARIO SIN IVA
B107: 50 | C107: Atlántico: Centrífuga refrigerada THERMO SCIENTIFIC SORVALL ST 16R ATL-G-22 ATL-G-23. El mantenimiento correctivo debe incluir: suministro e instalación de brazo hidráulico de soporte de tapa, elemento de fijación, pasador y accesorios de acople asociados (repuestos y servicios). | D107: UNIDAD | E107: 2 | G107: 350000
B108: 50.1 | C108: Suministro e instalación del sistema de soporte hidráulico de tapa para Centrífuga refrigerada THERMO SCIENTIFIC SORVALL ST 16R ATL-G-22 ATL-G-23 (Atlantico). El sistema se compone de brazo hidráulico, elementos de fijación, pasadores y accesorios de acople. | D108: UNIDAD | E108: 2 | G108: 3000000
B109: 51 | C109: Atlántico: Centrífuga THERMO SCIENTIFIC ESPRESSO ATL-G-25. El mantenimiento correctivo debe incluir: reparación de carcasa externa del equipo en zona de fijación, incluyendo recuperación de puntos de anclaje para tornillería (repuestos y servicios). | D109: UNIDAD | E109: 1 | G109: 250000
B110: 51.1 | C110: Reparación de carcasa externa del equipo en zona de fijación, incluyendo recuperación de puntos de anclaje para tornillería de la Centrífuga THERMO SCIENTIFIC ESPRESSO (Atlántico ATL-G-25) | D110: UNIDAD | E110: 1 | G110: 600000
B111: 52 | C111: Atlántico: Microcentrífuga EPPENDORF MINI SPIN 5452 ATL-G-57 ATL-G-103. El mantenimiento correctivo debe incluir: reparación de carcasa externa del equipo, recuperación de superficie afectada (repuestos y servicios). | D111: UNIDAD | E111: 2 | G111: 250000
B112: 52.1 | C112: Reparación de carcasa externa del equipo, recuperación de superficie afectada de Microcentrífugas EPPENDORF MINI SPIN 5452 ATL-G-57 ATL-G-103 (Atlántico) | D112: UNIDAD | E112: 2 | G112: 950000
B113: 53 | C113: Atlántico: Vortex ATL-G-03. El mantenimiento correctivo debe incluir: cambio de rotor, cambio de capuchon (repuestos y servicios). | D113: UNIDAD | E113: 1 | G113: 180000
B114: 53.1 | C114: Suministro e instalación de capuchon para Vortex (Atlántico ATL-G-03) | D114: UNIDAD | E114: 1 | G114: 380000
B115: 53.2 | C115: Suministro e instalación de motor para Vortex (Atlántico ATL-G-03) | D115: UNIDAD | E115: 1 | G115: 640000
B116: 54 | C116: Atlántico: CENTRIFUGA THERMO FISHER SCIENTIFIC SORVALL ST 8 ATL-G-211. El mantenimiento correctivo debe incluir: suministro e instalación de brazo hidráulico de soporte de tapa, elemento de fijación, pasador y accesorios de acople (repuestos y servicios). | D116: UNIDAD | E116: 1 | G116: 350000
B117: 54.1 | C117: Suministro e instalación del sistema de soporte hidráulico de tapa para CENTRIFUGA THERMO FISHER SCIENTIFIC SORVALL ST 8 (Atlántico ATL-G-211). El sistema se compone de brazo hidráulico, elementos de fijación, pasadores y accesorios de acople. | D117: UNIDAD | E117: 1 | G117: 3000000
B118: 55 | C118: Atlántico: CROSSLINKER UV, ANALYTIC JENA, MODELO: CL-3000, ATL-G-224. El mantenimiento correctivo debe incluir: cambio del visor de visualización (repuestos y servicios). | D118: UNIDAD | E118: 1 | G118: 320000
B119: 55.1 | C119: Sumimistro e instalación de visor de visualización de CROSSLINKER UV, ANALYTIC JENA, MODELO: CL-3000, (Atlántico ATL-G-224). | D119: UNIDAD | E119: 1 | G119: 1480000
B120: 56 | C120: Atlántico: Mototool FOREDOM TX H ATL-G-149, ATL-G-150 ES DREMEL ATL-G-37, ATL-G-98, ATL-G-99, debe incluir el cambio de dos (2) guayas y el cambio de escobillas para ATL-G-37. | D120: UNIDAD | E120: 5 | G120: 300000
B121: 56.1 | C121: Suministro e instalación de guayas para ( ATL-G-37) Atlántico: Mototool FOREDOM TX H | D121: UNIDAD | E121: 2 | G121: 400000
B122: 56.2 | C122: Suministro e instalación de escobillas para ( ATL-G-37) Atlántico: Mototool FOREDOM TX H | D122: UNIDAD | E122: 2 | G122: 100000
B123: 57 | C123: Medellín: Horno de hibridación marca FINEPCR (MED-G-36). El mantenimiento correctivo del horno debe incluir para los dos compartimentos: el cambio de Display control PID, sensor y control de potencia. Se debe realizar la programación del instrumento, seguida de la restauración de parámetros operativos. Además, se debe garantizar la configuración de sensores y motoventilador para asegurar un desempeño óptimo. Ajustes de tolerancia, garantizando una precisión de ±1°C para asegurar la estabilidad del equipo (repuestos y servicios). | D123: UNIDAD | E123: 1 | G123: 350000
B124: 57.1 | C124: Repotenciación integral del sistema de control y regulación de temperatura del Horno de hibridación marca FINEPCR (Medellin MED-G-36), aplica para los dos compartimentos, incluyendo suministro e instalación de displays de control PID, sensores de temperatura, controles de potencia y demás componentes asociados; programación y configuración de instrumentos, restauración de parámetros operativos, ajuste y verificación de sensores y motoventiladores, pruebas de funcionamiento y calibración de tolerancias para garantizar una precisión de ±1 °C y la estabilidad operativa del equipo. Servicio debe prestarse en sitio. | D124: UNIDAD | E124: 1 | G124: 4450000
B125: 58 | C125: Medellín: Molino Mezclador: Marca Retsch GmbH. Modelo MM 400 (MED-G-18). El mantenimiento correctivo debe incluir: Cambio de perilla de ajuste de molienda (repuestos y servicios). | D125: UNIDAD | E125: 1 | G125: 300000
B126: 58.1 | C126: Suministro e instalación de perilla ajuste de molienda para Molino Mezclador Retsch GmbH. Modelo MM 400 (Medellín MED-G-18). | D126: UNIDAD | E126: 1 | G126: 1700000
B127: 59 | C127: Centrífuga de mesa (Medellín MED-G-38), El mantenimiento correctivo debe incluir: suministro e instalación de brazo hidráulico de soporte de tapa, elemento de fijación, pasador y accesorios de acople (repuesto y servicio). | D127: UNIDAD | E127: 1 | G127: 350000
B128: 59.1 | C128: Suministro e instalación del sistema de soporte hidráulico de tapa para Centrífuga de mesa (Medellín MED-G-38). El sistema se compone de brazo hidráulico, elementos de fijación, pasadores y accesorios de acople. | D128: UNIDAD | E128: 1 | G128: 3000000
B129: 60 | C129: Centrífuga refrigerada SORVALL LEGEND XFR marca THERMO SCIENTIFIC (Bogotá G-287). Requiere cambio de rodamientos del motor. | D129: UNIDAD | E129: 1 | G129: 215000
B130: 60.1 | C130: Suministro e instalación de rodamientos del motor para Centrífuga refrigerada SORVALL LEGEND XFR Marca: THERMO SCIENTIFIC (Bogotá G-287) | D130: UNIDAD | E130: 1 | G130: 1135000
B131: 61 | C131: Motor eléctrico FOREDOM SR (Bogotá 5, G-229), debe incluir el cambio de cinco (5) guayas y escobillas para los 5 equipos. | D131: UNIDAD | E131: 5 | G131: 200000
B132: 61.1 | C132: Suministro e instalación de guayas para Motor eléctrico FOREDOM SR (Bogotá 5, G-229) | D132: UNIDAD | E132: 5 | G132: 260000
B133: 61.2 | C133: Suministro e instalación de escobillas para Motor eléctrico FOREDOM SR (Bogotá 5, G-229) | D133: UNIDAD | E133: 5 | G133: 40000
B134: 62 | C134: Sierra eléctrica Braun GA 673 (Bogotá, G-146), debe incluir accesorios de cambio (20 hojas de sierra B. Braun GC219R) | D134: UNIDAD | E134: 1 | G134: 200000
B135: 62.1 | C135: Suministro de hojas de sierra B. Braun GC219R para Sierra eléctrica Braun GA 673 (Bogotá, G-146) | D135: UNIDAD | E135: 20 | G135: 542500
B136: 63 | C136: Crosslinker U.V Hoefer UVC 500 (Bogotá G-228, G-230, G-231, G-288, G-294, G-297). Debe incluir el cambio de lámparas para los 6 equipos. | D136: UNIDAD | E136: 6 | G136: 250000
B137: 63.1 | C137: Suministro e instalación de lámparas para Crosslinker U.V Hoefer UVC 500 (Bogotá G-228, G-230, G-231, G-288, G-294, G-297). | D137: UNIDAD | E137: 6 | G137: 1590000
B138: GRUPO 3. EQUIPOS CABINAS DE BIOSEGURIDAD, EXTRACCIÓN Y FLUJO LAMINAR - GRUPO DE GENETICA/ GRUPO DE QUÍMICA
B139: MANTENIMIENTO PREVENTIVO Y CORRECTIVO / SOPORTE TÉCNICO
B140: ITEM | C140: DESCRIPCIÓN DEL BIEN | D140: UNIDAD DE MEDIDA | E140: CANTIDAD | G140: VALOR UNITARIO SIN IVA
B141: 1 | C141: CABINA DE BIOSEGURIDAD LABCONCO LOGIC CAT 302381000 S/N 13982212B (Bogotá G-296). | D141: UNIDAD | E141: 1 | G141: 420000
B142: 2 | C142: Cabina Esco md SPO-4A2 S/N 2008-36609 AIR SAFE 133FPM (Bogotá G-113). | D142: UNIDAD | E142: 1 | G142: 420000
B143: 3 | C143: Cabina Esco md SPO-4A2 S/N 2008-36610 AIR SAFE 133FPM (Bogotá G-114). | D143: UNIDAD | E143: 1 | G143: 420000
B144: 4 | C144: CAMPANA DE EXTRACCION LABCONCO PARAMOUNT MD 6963300 S/N 130982422A. (Bogotá G-286) | D144: UNIDAD | E144: 1 | G144: 420000
B145: 5 | C145: CAMPANA DE EXTRACCION LABCONCO PARAMOUNT MD 6963400 S/N 130982417ª (Bogotá G-300). | D145: UNIDAD | E145: 1 | G145: 420000
B146: 6 | C146: Cabina de flujo laminar marca Labconco, md 302381000 s/n 130881023b (Bogotá G-281). | D146: UNIDAD | E146: 1 | G146: 420000
B147: 7 | C147: Cabina Labconco md 36205-04 s/n 981101508V (Bogotá G-194). | D147: UNIDAD | E147: 1 | G147: 420000
B148: 8 | C148: CAMPANA DE EXTRACCION LABCONCO PARAMOUNT MD 69634330 S/N 130982423ª (Bogotá G-285). | D148: UNIDAD | E148: 1 | G148: 420000
B149: 9 | C149: Cabina Esco md AC2-2E2 S/N 2012-69165 (G-215). | D149: UNIDAD | E149: 1 | G149: 420000
B150: 10 | C150: Atlántico: Cabina de Bioseguridad ESCO AC2-3E2 ATL-G-104 | D150: UNIDAD | E150: 1 | G150: 620000
B151: 11 | C151: Atlántico: Cabina de extracción de gases ESCO SPD4A2 ATL-G-19. | D151: UNIDAD | E151: 1 | G151: 620000
B152: 12 | C152: Atlántico: Cabina de Bioseguridad ESCO AC2-3E2 ATL-G-17 | D152: UNIDAD | E152: 1 | G152: 620000
... B156: 16 | C156: Química Seccional Bogotá: Cabina Extractora de Humos – BOG-SC-51. AIRFLUX, Extractor. | D156: UNIDAD | E156: 1 | G156: 820000
B157: MANTENIMIENTO PREVENTIVO Y CORRECTIVO / SOPORTE TÉCNICO
B158: ITEM | C158: DESCRIPCIÓN DEL BIEN | D158: UNIDAD DE MEDIDA | E158: CANTIDAD | G158: VALOR UNITARIO SIN IVA
B159: 17 | C159: Cabina de flujo laminar marca Labconco, MD 302381000 S/N 130981353-b (Bogotá G-293). El mantenimiento correctivo debe incluir: REVISIÓN de SENSORES, FILTROS y SOFTWARE (repuestos y servicios). | D159: UNIDAD | E159: 1 | G159: 600000
B160: 17.1 | C160: Sumiistro e instalación de filtros para Cabina de flujo laminar marca Labconco, MD 302381000 S/N 130981353-b (Bogotá G-293). | D160: UNIDAD | E160: 1 | G160: 12500000
B161: 17.2 | C161: Suministro sensor y actualización de Sofware para Cabina de flujo laminar marca Labconco, MD 302381000 S/N 130981353-b (Bogotá G-293). | D161: UNIDAD | E161: 1 | G161: 4400000
...

Sheet ANEXO 2
B1: ANEXO 1
D2: ANÁLISIS DE COSTOS HISTÓRICOS
D3: PRESTAR EL SERVICIO DE MANTENIMIENTO DE EQUIPOS: ALCANCE AL OBJETO: GRUPO No 1: PRESTAR EL SERVICIO DE MANTENIMIENTO PREVENTIVO Y SOPORTE TÉCNICO PARA EQUIPOS DE REFRIGERACIÓN Y CONGELACIÓN DE LOS GRUPOS GENÉTICA DE LA FISCALÍA GENERAL DE LA NACIÓN. GRUPO No 2: PRESTAR EL SERVICIO DE MANTENIMIENTO PREVENTIVO, CORRECTIVO Y SOPORTE TÉCNICO PARA LOS EQUIPOS DE MEDIANA TECNOLOGÍA DE LOS GRUPOS GENÉTICA DE LA FISCALÍA GENERAL DE LA NACIÓN. GRUPO No 3: PRESTAR EL SERVICIO DE MANTENIMIENTO PREVENTIVO, CORRECTIVO Y SOPORTE TÉCNICO PARA LOS EQUIPOS CABINAS DE EXTRACCIÓN, BIOSEGURIDAD Y FLUJO LAMINAR DE LOS GRUPOS GENÉTICA Y QUÍMICA (Seccional Bogotá) DE LA FISCALÍA GENERAL DE LA NACIÓN.
B6: NECESIDAD
B7: GRUPO 1. MANTENIMIENTO PREVENTIVO, CORRECTIVO Y SOPORTE TÉCNICO PARA EQUIPOS DE REFRIGERACIÓN Y CONGELACIÓN - GRUPO DE GENETICA
B8: MANTENIMIENTO PREVENTIVO / SOPORTE TÉCNICO | G8: ACEPTACIÓN DE OFERTA FGN-NC-0181-2024 - GRUPO 1 | I8: SEPTIEMBRE 2024 | J8: JUNIO 2026 | L8: ANÁLISIS PROYECCIÓN GASTO HISTÓRICO (IPC / Indices - Serie de empalme)
B9: ITEM | C9: DESCRIPCIÓN DEL BIEN | D9: UNIDAD DE MEDIDA | E9: CANTIDAD | G9: VALOR UNITARIO SIN IVA | I9: 1.4402 | J9: 1.5953 | L9: VALOR UNITARIO SIN IVA | M9: IVA | N9: VALOR TOTAL INCLUIDO IVA
B10: 1 | C10: Congelador Revco md ULT 1740-5-A 30 S/N Y09H- 408968-YH (Bogotá G-179) | D10: UNIDAD | E10: 1 | G10: 119900 | I10: =ROUND(($J$9/$I$9)*G10,2) -> 132812.44 | L10: =I10 -> 132812.44 | M10: =ROUND(L10*19%,2) -> 25234.36 | N10: =ROUND((L10+M10)*E10,2) -> 158046.8
B11: 2 | C11: Congelador Revco md ULT2330A 22 s/n 0112971801130926 (Bogotá G-270) | D11: UNIDAD | E11: 1 | G11: 139900 | I11: =ROUND(($J$9/$I$9)*G11,2) -> 154966.3 | L11: =I11 -> 154966.3 | M11: =ROUND(L11*19%,2) -> 29443.6 | N11: =ROUND((L11+M11)*E11,2) -> 184409.9
B12: 3 | C12: Refrigerador Revco md REL2304A23 s/n 0112836701130801 (Bogotá G-291) | D12: UNIDAD | E12: 1 | G12: 115000 | I12: =ROUND(($J$9/$I$9)*G12,2) -> 127384.74 | L12: =I12 -> 127384.74 | M12: =ROUND(L12*19%,2) -> 24203.1 | N12: =ROUND((L12+M12)*E12,2) -> 151587.84
B13: 4 | C13: Refrigerador Revco md REL2304A14 s/n Y18H- 410411-YH (Bogotá G-174) | D13: UNIDAD | E13: 1 | G13: 115000 | I13: =ROUND(($J$9/$I$9)*G13,2) -> 127384.74 | L13: =I13 -> 127384.74 | M13: =ROUND(L13*19%,2) -> 24203.1 | N13: =ROUND((L13+M13)*E13,2) -> 151587.84
B14: 5 | C14: Refrigerador Revco md REL404A20 s/n 0115019101131008 (Bogotá G-301) | D14: UNIDAD | E14: 1 | G14: 115000 | I14: =ROUND(($J$9/$I$9)*G14,2) -> 127384.74 | L14: =I14 -> 127384.74 | M14: =ROUND(L14*19%,2) -> 24203.1 | N14: =ROUND((L14+M14)*E14,2) -> 151587.84
B15: 6 | C15: Refrigerador Revco md REL404A20 (Bogotá G- 302) | D15: UNIDAD | E15: 1 | G15: 115000 | I15: =ROUND(($J$9/$I$9)*G15,2) -> 127384.74 | L15: =I15 -> 127384.74 | M15: =ROUND(L15*19%,2) -> 24203.1 | N15: =ROUND((L15+M15)*E15,2) -> 151587.84
B16: 7 | C16: Refrigerador Revco md REL3004a23 s/n 01128803011820 (Bogotá G-290) | D16: UNIDAD | E16: 1 | G16: 115000 | I16: =ROUND(($J$9/$I$9)*G16,2) -> 127384.74 | L16: =I16 -> 127384.74 | M16: =ROUND(L16*19%,2) -> 24203.1 | N16: =ROUND((L16+M16)*E16,2) -> 151587.84
B17: 8 | C17: Refrigerador Revco md REL1204a24 s/n 0115089001131108 (Bogotá G-298) | D17: UNIDAD | E17: 1 | G17: 115000 | I17: =ROUND(($J$9/$I$9)*G17,2) -> 127384.74 | L17: =I17 -> 127384.74 | M17: =ROUND(L17*19%,2) -> 24203.1 | N17: =ROUND((L17+M17)*E17,2) -> 151587.84
B18: 9 | C18: Refrigerador / congelador EVERMED LCRF-370W (Bogotá G-331, G-332) | D18: UNIDAD | E18: 2 | G18: 149900 | I18: =ROUND(($J$9/$I$9)*G18,2) -> 166043.24 | L18: =I18 -> 166043.24 | M18: =ROUND(L18*19%,2) -> 31548.22 | N18: =ROUND((L18+M18)*E18,2) -> 395182.92
B19: 10 | C19: Refrigerador diserlab DIS NVE-01 (Bogotá G-142) | D19: UNIDAD | E19: 1 | G19: 149900 | I19: =ROUND(($J$9/$I$9)*G19,2) -> 166043.24 | L19: =I19 -> 166043.24 | M19: =ROUND(L19*19%,2) -> 31548.22 | N19: =ROUND((L19+M19)*E19,2) -> 197591.46
B20: 11 | C20: Refrigerador / congelador EVERMED LCRF-625S (Bogotá G-333) | D20: UNIDAD | E20: 1 | G20: 149900 | I20: =ROUND(($J$9/$I$9)*G20,2) -> 166043.24 | L20: =I20 -> 166043.24 | M20: =ROUND(L20*19%,2) -> 31548.22 | N20: =ROUND((L20+M20)*E20,2) -> 197591.46
B21: 12 | C21: Congelador THERMO SCIENTIFIC TSX2330FY (Bogotá G-365) | D21: UNIDAD | E21: 1 | G21: 129900 | I21: =ROUND(($J$9/$I$9)*G21,2) -> 143889.37 | L21: =I21 -> 143889.37 | M21: =ROUND(L21*19%,2) -> 27338.98 | N21: =ROUND((L21+M21)*E21,2) -> 171228.35
... B28: 19 | C28: Congelador Revco md ULT2330A 23 s/n 0115107101131115 (G-292) | D28: UNIDAD | E28: 1 | G28: 2600000 | I28: =ROUND(($J$9/$I$9)*G28,2) -> 2880002.8 | L28: =I28 -> 2880002.8 | M28: =ROUND(L28*19%,2) -> 547200.53 | N28: =ROUND((L28+M28)*E28,2) -> 3427203.3
B29: 20 | C29: Bogotá: Congelador, Modelo: TSX2330FY, S/N 1141493201211101, (G-376) | D29: UNIDAD | E29: 1
B30: 21 | C30: Medellín: Vertical Freezer. Marca Thermo Fisher Scientific Modelo UGL2320A19 (Medellín MED-G-42) | D30: UNIDAD | E30: 1 | G30: 199900 | I30: =ROUND(($J$9/$I$9)*G30,2) -> 221427.91 | L30: =I30 -> 221427.91 | M30: =ROUND(L30*19%,2) -> 42071.3 | N30: =ROUND((L30+M30)*E30,2) -> 263499.21
B31: 22 | C31: Medellín: Congelador-Refrigerador Thermo Fisher Scientific modelo MC20SS-SAEE-TS (Medellín MED-G-64) | D31: UNIDAD | E31: 1 | G31: 289900 | I31: =ROUND(($J$9/$I$9)*G31,2) -> 321120.31 | L31: =I31 -> 321120.31 | M31: =ROUND(L31*19%,2) -> 61012.86 | N31: =ROUND((L31+M31)*E31,2) -> 382133.17
B32: 23 | C32: Ultracongelador THERMO SCIENTIFIC ULT2586-4-A46 (MED-G-108) | D32: UNIDAD | E32: 1
B33: 24 | C33: Medellín: Congelador marca PHCBI (MED-G-125) | D33: UNIDAD | E33: 1 | G33: 239900 | I33: =ROUND(($J$9/$I$9)*G33,2) -> 265735.64 | L33: =I33 -> 265735.64 | M33: =ROUND(L33*19%,2) -> 50489.77 | N33: =ROUND((L33+M33)*E33,2) -> 316225.41
B34: 25 | C34: Medellín: refrigerador marca PHCBI (MED-G-129) | D34: UNIDAD | E34: 1 | G34: 239900 | I34: =ROUND(($J$9/$I$9)*G34,2) -> 265735.64 | L34: =I34 -> 265735.64 | M34: =ROUND(L34*19%,2) -> 50489.77 | N34: =ROUND((L34+M34)*E34,2) -> 316225.41
B35: 26 | C35: Atlántico: Ultracongelador THERMO FISHER JLF2330A REVCO ULT2330A19 ATL-G-121 | D35: UNIDAD | E35: 1 | G35: 219900 | I35: =ROUND(($J$9/$I$9)*G35,2) -> 243581.77 | L35: =I35 -> 243581.77 | M35: =ROUND(L35*19%,2) -> 46280.54 | N35: =ROUND((L35+M35)*E35,2) -> 289862.31
B36: 27 | C36: Atlántico: Refrigerador vertical MGC NV23CS ATL-G-43 | D36: UNIDAD | E36: 1 | G36: 170000 | I36: =ROUND(($J$9/$I$9)*G36,2) -> 188307.87 | L36: =I36 -> 188307.87 | M36: =ROUND(L36*19%,2) -> 35778.5 | N36: =ROUND((L36+M36)*E36,2) -> 224086.37
B37: 28 | C37: Atlántico: Atlántico: Ultracongelador THERMO FISHER REVCO ULT2330A19 ATL-G-28 | D37: UNIDAD | E37: 1 | G37: 219900 | I37: =ROUND(($J$9/$I$9)*G37,2) -> 243581.77 | L37: =I37 -> 243581.77 | M37: =ROUND(L37*19%,2) -> 46280.54 | N37: =ROUND((L37+M37)*E37,2) -> 289862.31
B38: 29 | C38: Atlántico: Atlántico: Ultracongelador THERMO FISHER REVCO ULT-1786-4-A47 ATL-G-26 | D38: UNIDAD | E38: 1 | G38: 219900 | I38: =ROUND(($J$9/$I$9)*G38,2) -> 243581.77 | L38: =I38 -> 243581.77 | M38: =ROUND(L38*19%,2) -> 46280.54 | N38: =ROUND((L38+M38)*E38,2) -> 289862.31
B39: 30 | C39: Atlántico: Congelador-Refrigerador THERMO SCIENTIFIC MC20SS-SAEE-TS ATL-G-196 | D39: UNIDAD | E39: 1 | G39: 219900 | I39: =ROUND(($J$9/$I$9)*G39,2) -> 243581.77 | L39: =I39 -> 243581.77 | M39: =ROUND(L39*19%,2) -> 46280.54 | N39: =ROUND((L39+M39)*E39,2) -> 289862.31
B40: 31 | C40: Atlántico: Congelador PHCbi, ATL-G-204 | D40: UNIDAD | E40: 1 | G40: 219900 | I40: =ROUND(($J$9/$I$9)*G40,2) -> 243581.77 | L40: =I40 -> 243581.77 | M40: =ROUND(L40*19%,2) -> 46280.54 | N40: =ROUND((L40+M40)*E40,2) -> 289862.31
B41: 32 | C41: Atlántico: Refrigerador PHCbi, ATL-G-210 | D41: UNIDAD | E41: 1 | G41: 219900 | I41: =ROUND(($J$9/$I$9)*G41,2) -> 243581.77 | L41: =I41 -> 243581.77 | M41: =ROUND(L41*19%,2) -> 46280.54 | N41: =ROUND((L41+M41)*E41,2) -> 289862.31
B42: 33 | C42: Atlántico: Congelador-Refrigerador THERMO SCIENTIFIC MC20SS-SAEE-TS ATL, S/N 1168889501180806 (G-195) | D42: UNIDAD | E42: 1 | G42: 219900 | I42: =ROUND(($J$9/$I$9)*G42,2) -> 243581.77 | L42: =I42 -> 243581.77 | M42: =ROUND(L42*19%,2) -> 46280.54 | N42: =ROUND((L42+M42)*E42,2) -> 289862.31
B43: MANTENIMIENTO PREVENTIVO Y CORRECTIVO / SOPORTE TÉCNICO | G43: ACEPTACIÓN DE OFERTA FGN-NC-0181-2024 - GRUPO 1 | I43: SEPTIEMBRE 2024 | J43: JUNIO 2026 | L43: ANÁLISIS PROYECCIÓN GASTO HISTÓRICO (IPC / Indices - Serie de empalme)
B44: ITEM | C44: DESCRIPCIÓN DEL BIEN | D44: UNIDAD DE MEDIDA | E44: CANTIDAD | G44: VALOR UNITARIO SIN IVA | I44: 1.4402 | J44: 1.5953 | L44: VALOR UNITARIO SIN IVA | M44: IVA | N44: VALOR TOTAL INCLUIDO IVA
B45: 34 | C45: Congelador EVERMED LF-140W (Bogotá G-334) El mantenimiento correctivo debe incluir: cambio del controlador PID (display), sensor de temperatura y módulo de control de potencia (repuestos y servicios). | D45: UNIDAD | E45: 1 | G45: 119900 | I45: =ROUND(($J$9/$I$9)*G45,2) -> 132812.44 | L45: =I45 -> 132812.44 | M45: =ROUND(L45*19%,2) -> 25234.36 | N45: =ROUND((L45+M45)*E45,2) -> 158046.8
B46: 35 | C46: Refrigerador Revco md REL2304A23 s/n Y18H- 410410-YH (Bogotá G-178) El mantenimiento correctivo debe incluir el reemplazo del sensor de temperatura | D46: UNIDAD | E46: 1 | G46: 149900 | I46: =ROUND(($J$9/$I$9)*G46,2) -> 166043.24 | L46: =I46 -> 166043.24 | M46: =ROUND(L46*19%,2) -> 31548.22 | N46: =ROUND((L46+M46)*E46,2) -> 197591.46
B47: 36 | C47: Congelador THERMO SCIENTIFIC TSX2330FY (Bogotá, G-358) El mantenimiento correctivo debe incluir la reparación del sistema de drenaje de condensados. | D47: UNIDAD | E47: 1 | G47: 2800000 | I47: =ROUND(($J$9/$I$9)*G47,2) -> 3101541.5 | L47: =I47 -> 3101541.5 | M47: =ROUND(L47*19%,2) -> 589292.88 | N47: =ROUND((L47+M47)*E47,2) -> 3690834.3
B48: 37 | C48: Ultracongelador THERMO SCIENTIFIC TSX2330FY (Bogotá G-388) El mantenimiento correctivo debe incluir: entrega e instalación de regulador de 4 kVA (repuestos y servicios). | D48: UNIDAD | E48: 1 | G48: 129900 | I48: =ROUND(($J$9/$I$9)*G48,2) -> 143889.37 | L48: =I48 -> 143889.37 | M48: =ROUND(L48*19%,2) -> 27338.98 | N48: =ROUND((L48+M48)*E48,2) -> 171228.35
B49: GRUPO 2. EQUIPOS DE MEDIANA TECNOLOGÍA - GRUPO DE GENETICA
B50: MANTENIMIENTO PREVENTIVO / SOPORTE TECNICO (INCLUYE CONSUMIBLES PARA: ATL-G-37, ATL-G-99, G146, G229) | G50: ACEPTACIÓN DE OFERTA FGN-NC-0199-2024 - GRUPO 2 Y 3 | I50: SEPTIEMBRE 2024 | J50: JUNIO 2026 | L50: ANÁLISIS PROYECCIÓN GASTO HISTÓRICO (IPC / Indices - Serie de empalme)
B51: ITEM | C51: DESCRIPCIÓN DEL BIEN | D51: UNIDAD DE MEDIDA | E51: CANTIDAD | G51: VALOR UNITARIO SIN IVA | I51: 1.4402 | J51: 1.5953 | L51: VALOR UNITARIO SIN IVA | M51: IVA | N51: VALOR TOTAL INCLUIDO IVA
B52: 1 | C52: Minispin 5452 eppendorf (Bogotá G-133, G-135) | D52: UNIDAD | E52: 2 | G52: 75000 | I52: =ROUND(($J$9/$I$9)*G52,2) -> 83077 | L52: =I52 -> 83077 | M52: =ROUND(L52*19%,2) -> 15784.63 | N52: =ROUND((L52+M52)*E52,2) -> 197723.26
B53: 2 | C53: Microcentrífuga Labnet (Bogotá G-255, G- 299) | D53: UNIDAD | E53: 2 | G53: 75000 | I53: =ROUND(($J$9/$I$9)*G53,2) -> 83077 | L53: =I53 -> 83077 | M53: =ROUND(L53*19%,2) -> 15784.63 | N53: =ROUND((L53+M53)*E53,2) -> 197723.26
B54: 3 | C54: Centrífuga refrigerada SORVALL LEGEND XFR marca THERMO SCIENTIFIC (Bogotá G-225, G-254) | D54: UNIDAD | E54: 2 | G54: 140000 | I54: =ROUND(($J$9/$I$9)*G54,2) -> 155077.07 | L54: =I54 -> 155077.07 | M54: =ROUND(L54*19%,2) -> 29464.64 | N54: =ROUND((L54+M54)*E54,2) -> 369083.42
B55: 4 | C55: Centrífuga refrigerada Labnet referencia Z400K (Bogotá G-129, G-130) | D55: UNIDAD | E55: 2 | G55: 130000 | I55: =ROUND(($J$9/$I$9)*G55,2) -> 144000.14 | L55: =I55 -> 144000.14 | M55: =ROUND(L55*19%,2) -> 27360.03 | N55: =ROUND((L55+M55)*E55,2) -> 342720.34
B56: 5 | C56: Horno de hibridación marca FINEPCR (Bogotá G-306) | D56: UNIDAD | E56: 1 | G56: 3100000 | I56: =ROUND(($J$9/$I$9)*G56,2) -> 3433849.5 | L56: =I56 -> 3433849.5 | M56: =ROUND(L56*19%,2) -> 652431.4 | N56: =ROUND((L56+M56)*E56,2) -> 4086280.9
B57: 6 | C57: Autoclave Tuttnauer Modelo 2540 Nova-3 (Bogotá G-237) | D57: UNIDAD | E57: 1 | G57: 290000 | I57: =ROUND(($J$9/$I$9)*G57,2) -> 321231.08 | L57: =I57 -> 321231.08 | M57: =ROUND(L57*19%,2) -> 61033.91 | N57: =ROUND((L57+M57)*E57,2) -> 382264.99
B58: 7 | C58: Molinos Mezcladores MM400 marca Retsh (Bogotá G-104, G-226, G-261, G-303, 369) | D58: UNIDAD | E58: 5 | G58: 140000 | I58: =ROUND(($J$9/$I$9)*G58,2) -> 155077.07 | L58: =I58 -> 155077.07 | M58: =ROUND(L58*19%,2) -> 29464.64 | N58: =ROUND((L58+M58)*E58,2) -> 922708.55
B59: 8 | C59: Concentrador eppendorf (Bogotá G-227) | D59: UNIDAD | E59: 1 | G59: 200000 | I59: =ROUND(($J$9/$I$9)*G59,2) -> 221538.68 | L59: =I59 -> 221538.68 | M59: =ROUND(L59*19%,2) -> 42092.35 | N59: =ROUND((L59+M59)*E59,2) -> 263631.03
B60: 9 | C60: Mini incubadora (Bogotá G-145, G-305) | D60: UNIDAD | E60: 2 | G60: 120000 | I60: =ROUND(($J$9/$I$9)*G60,2) -> 132923.21 | L60: =I60 -> 132923.21 | M60: =ROUND(L60*19%,2) -> 25255.41 | N60: =ROUND((L60+M60)*E60,2) -> 316357.24
B61: 10 | C61: Mototool (Bogotá G-89, G-172, G-77 ) | D61: UNIDAD | E61: 3 | G61: 115000 | I61: =ROUND(($J$9/$I$9)*G61,2) -> 127384.74 | L61: =I61 -> 127384.74 | M61: =ROUND(L61*19%,2) -> 24203.1 | N61: =ROUND((L61+M61)*E61,2) -> 454763.52
B62: 11 | C62: Bloque seco (Bogotá G-238) | D62: UNIDAD | E62: 1 | G62: 130000 | I62: =ROUND(($J$9/$I$9)*G62,2) -> 144000.14 | L62: =I62 -> 144000.14 | M62: =ROUND(L62*19%,2) -> 27360.03 | N62: =ROUND((L62+M62)*E62,2) -> 171360.17
B63: 12 | C63: Microcentrífuga Labnet (Bogotá G-131) | D63: UNIDAD | E63: 1 | G63: 75000 | I63: =ROUND(($J$9/$I$9)*G63,2) -> 83077 | L63: =I63 -> 83077 | M63: =ROUND(L63*19%,2) -> 15784.63 | N63: =ROUND((L63+M63)*E63,2) -> 98861.63
... B70: 19 | C70: Horno de hibridación marca FINEPCR (Bogotá G-183, G-284) | D70: UNIDAD | E70: 2 | G70: 115000 | I70: =ROUND(($J$9/$I$9)*G70,2) -> 127384.74 | L70: =I70 -> 127384.74 | M70: =ROUND(L70*19%,2) -> 24203.1 | N70: =ROUND((L70+M70)*E70,2) -> 303175.68
B71: 20 | C71: Agitador Vortex (G-94, G-95, G-96, G-97, G-98, G-166, G-167) | D71: UNIDAD | E71: 7
B72: 21 | C72: Atlántico: Bloque seco LabTech LBH-T02 ATL-G-105 | D72: UNIDAD | E72: 1 | G72: 130000 | I72: =ROUND(($J$9/$I$9)*G72,2) -> 144000.14 | L72: =I72 -> 144000.14 | M72: =ROUND(L72*19%,2) -> 27360.03 | N72: =ROUND((L72+M72)*E72,2) -> 171360.17
B73: 22 | C73: Atlántico: Centrífuga THERMO SCIENTIFIC ESPRESSO ATL-G-24. | D73: UNIDAD | E73: 1 | G73: 150000 | I73: =ROUND(($J$9/$I$9)*G73,2) -> 166154.01 | L73: =I73 -> 166154.01 | M73: =ROUND(L73*19%,2) -> 31569.26 | N73: =ROUND((L73+M73)*E73,2) -> 197723.27
B74: 23 | C74: Atlántico: Centrífuga de placas ATL-G-209 | D74: UNIDAD | E74: 1
B75: 24 | C75: Atlántico: Placa de calentamiento ATL-G-41, ATL-G-146 | D75: UNIDAD | E75: 2
B76: 25 | C76: Atlántico: Horno de hibridación LABNET I5110- H5500 ATL-G-33 | D76: UNIDAD | E76: 1 | G76: 140000 | I76: =ROUND(($J$9/$I$9)*G76,2) -> 155077.07 | L76: =I76 -> 155077.07 | M76: =ROUND(L76*19%,2) -> 29464.64 | N76: =ROUND((L76+M76)*E76,2) -> 184541.71
B77: 26 | C77: Atlántico: Horno de hibridación FISHER- BIOTECH FBH-110 ATL-G-32 | D77: UNIDAD | E77: 1 | G77: 140000 | I77: =ROUND(($J$9/$I$9)*G77,2) -> 155077.07 | L77: =I77 -> 155077.07 | M77: =ROUND(L77*19%,2) -> 29464.64 | N77: =ROUND((L77+M77)*E77,2) -> 184541.71
B78: 27 | C78: Atlántico: Horno de hibridación THERMO FISHER SCIENTIFIC HBSNSRS110-6241 ATL-G-34 ATL-G-117 | D78: UNIDAD | E78: 2 | G78: 140000 | I78: =ROUND(($J$9/$I$9)*G78,2) -> 155077.07 | L78: =I78 -> 155077.07 | M78: =ROUND(L78*19%,2) -> 29464.64 | N78: =ROUND((L78+M78)*E78,2) -> 369083.42
B79: 28 | C79: Atlántico: Horno de hibridación DAIGGER COMBI D-24 ATL-G-101 | D79: UNIDAD | E79: 1 | G79: 140000 | I79: =ROUND(($J$9/$I$9)*G79,2) -> 155077.07 | L79: =I79 -> 155077.07 | M79: =ROUND(L79*19%,2) -> 29464.64 | N79: =ROUND((L79+M79)*E79,2) -> 184541.71
B80: 29 | C80: Atlántico: Crosslinker UVP CL-1000 ATL-G-111, ATL-G-118, ATL-G-148 | D80: UNIDAD | E80: 3 | G80: 130000 | I80: =ROUND(($J$9/$I$9)*G80,2) -> 144000.14 | L80: =I80 -> 144000.14 | M80: =ROUND(L80*19%,2) -> 27360.03 | N80: =ROUND((L80+M80)*E80,2) -> 514080.51
B81: 30 | C81: Atlántico: Microcentrífuga ATL-G-165 | D81: UNIDAD | E81: 1
B82: 31 | C82: Atlántico: Vortex ATL-G-01, ATL-G-02, ATL-G-04 y ATL-G-05 | D82: UNIDAD | E82: 4
B83: 32 | C83: Atlántico: Molino pulverizador RETSCH MM400 ATL-G-36 ATL-G-116 | D83: UNIDAD | E83: 2 | G83: 180000 | I83: =ROUND(($J$9/$I$9)*G83,2) -> 199384.81 | L83: =I83 -> 199384.81 | M83: =ROUND(L83*19%,2) -> 37883.11 | N83: =ROUND((L83+M83)*E83,2) -> 474535.84
B84: 33 | C84: Atlántico: Sierra eléctrica DREMEL MULTIMAX 6300 ATL-G-44 | D84: UNIDAD | E84: 1 | G84: 130000 | I84: =ROUND(($J$9/$I$9)*G84,2) -> 144000.14 | L84: =I84 -> 144000.14 | M84: =ROUND(L84*19%,2) -> 27360.03 | N84: =ROUND((L84+M84)*E84,2) -> 171360.17
B85: 34 | C85: Atlántico: Sierra eléctrica BRAUN AESCULAP GA668 ATL-G-100 | D85: UNIDAD | E85: 1 | G85: 130000 | I85: =ROUND(($J$9/$I$9)*G85,2) -> 144000.14 | L85: =I85 -> 144000.14 | M85: =ROUND(L85*19%,2) -> 27360.03 | N85: =ROUND((L85+M85)*E85,2) -> 171360.17
B86: 35 | C86: Atlántico: AGITADOR TERMICO, Q INSTRUMENTS, BIOSHAKE IQ - REFERENCIA: 1808-0506, ATL-G-222 | D86: UNIDAD | E86: 1 | G86: 270000 | I86: =ROUND(($J$9/$I$9)*G86,2) -> 299077.21 | L86: =I86 -> 299077.21 | M86: =ROUND(L86*19%,2) -> 56824.67 | N86: =ROUND((L86+M86)*E86,2) -> 355901.88
B87: 36 | C87: Atlántico: BLOQUE SECO, GRANT, REFERENCIA: BQD1L, ATL-G-223 | D87: UNIDAD | E87: 1 | G87: 300000 | I87: =ROUND(($J$9/$I$9)*G87,2) -> 332308.01 | L87: =I87 -> 332308.01 | M87: =ROUND(L87*19%,2) -> 63138.52 | N87: =ROUND((L87+M87)*E87,2) -> 395446.53
B88: 37 | C88: Atlántico: Centrifuga refrigerada LABNET Z400K, ATL-G-21 | D88: UNIDAD | E88: 1
B89: 38 | C89: Atlántico: Horno MEMMERT UM400, ATL-G-31 | D89: UNIDAD | E89: 1
B90: 39 | C90: Medellín: Moto Tool Marca: Foredom. Modelo: TX H (Medellín MED-G-20, MED-G-22) | D90: UNIDAD | E90: 2 | G90: 185000 | I90: =ROUND(($J$9/$I$9)*G90,2) -> 204923.27 | L90: =I90 -> 204923.27 | M90: =ROUND(L90*19%,2) -> 38935.42 | N90: =ROUND((L90+M90)*E90,2) -> 487717.38
B91: 40 | C91: Medellín: Molino Mezclador: Marca Retsch GmbH. Modelo MM 400 (MED-G-160) | D91: UNIDAD | E91: 1
B92: 41 | C92: Medellín: Sierra oscilante. Marca: RUIJIN MEDICAL modelo NS-1011 (Medellín MED-G-19) | D92: UNIDAD | E92: 1 | G92: 180000 | I92: =ROUND(($J$9/$I$9)*G92,2) -> 199384.81 | L92: =I92 -> 199384.81 | M92: =ROUND(L92*19%,2) -> 37883.11 | N92: =ROUND((L92+M92)*E92,2) -> 237267.92
B93: 42 | C93: Medellín: Crosslinker (Medellín MED-G-07, MED-G-14, MED-G-62, MED-G-138) | D93: UNIDAD | E93: 4
B94: 43 | C94: Medellín: Mini Centrífuga. (MED-G-37, MED-G-61, MED-G-81) | D94: UNIDAD | E94: 3
B95: 44 | C95: Medellín: Centrífuga de mesa (Medellín MED-G-80, MED-G-131) | D95: UNIDAD | E95: 2
B96: 45 | C96: Medellín: Mezclador térmico marca Thermo Fisher Scientific. Modelo thermal mixer (Medellín MED-G-35). | D96: UNIDAD | E96: 1 | G96: 300000 | I96: =ROUND(($J$9/$I$9)*G96,2) -> 332308.01 | L96: =I96 -> 332308.01 | M96: =ROUND(L96*19%,2) -> 63138.52 | N96: =ROUND((L96+M96)*E96,2) -> 395446.53
B97: 46 | C97: Medellín: Centrifuga refrigerada de piso marca Thermo Fisher Scientific. Modelo X3 FR Ref: 75004537 (Medellín MED-G-39). | D97: UNIDAD | E97: 1 | G97: 280000 | I97: =ROUND(($J$9/$I$9)*G97,2) -> 310154.15 | L97: =I97 -> 310154.15 | M97: =ROUND(L97*19%,2) -> 58929.29 | N97: =ROUND((L97+M97)*E97,2) -> 369083.44
B98: 47 | C98: Medellín: Autoclave. Marca: TUTTNAUER. Modelo: 3545E (Medellín MED-G-05). | D98: UNIDAD | E98: 1 | G98: 380000 | I98: =ROUND(($J$9/$I$9)*G98,2) -> 420923.48 | L98: =I98 -> 420923.48 | M98: =ROUND(L98*19%,2) -> 79975.46 | N98: =ROUND((L98+M98)*E98,2) -> 500898.94
B99: 48 | C99: Medellín: Bloque seco de 32 pozos para tubos de 1.5 ml, Marca Grant. Modelo QBD1 (MED-G-141). | D99: UNIDAD | E99: 1 | G99: 300000 | I99: =ROUND(($J$9/$I$9)*G99,2) -> 332308.01 | L99: =I99 -> 332308.01 | M99: =ROUND(L99*19%,2) -> 63138.52 | N99: =ROUND((L99+M99)*E99,2) -> 395446.53
B100: 49 | C100: Medellín: Horno de hibridación marca BARNSTEAD LAB-LINE Modelo CAT 308A (MED-G- 165) | D100: UNIDAD | E100: 1
B101: MANTENIMIENTO PREVENTIVO Y CORRECTIVO / SOPORTE TÉCNICO | G101: ACEPTACIÓN DE OFERTA FGN-NC-0181-2024 - GRUPO 1 | I101: SEPTIEMBRE 2024 | J101: JUNIO 2026 | L101: ANÁLISIS PROYECCIÓN GASTO HISTÓRICO (IPC / Indices - Serie de empalme)
B102: ITEM | C102: DESCRIPCIÓN DEL BIEN | D102: UNIDAD DE MEDIDA | E102: CANTIDAD | G102: VALOR UNITARIO SIN IVA | I102: 1.4402 | J102: 1.5953 | L102: VALOR UNITARIO SIN IVA | M102: IVA | N102: VALOR TOTAL INCLUIDO IVA
B103: 50 | C103: Atlántico: Centrífuga refrigerada THERMO SCIENTIFIC SORVALL ST 16R ATL-G-22 ATL-G-23. El mantenimiento correctivo debe incluir: suministro e instalación de brazo hidráulico de soporte de tapa, elemento de fijación, pasador y accesorios de acople asociados (repuestos y servicios). | D103: UNIDAD | E103: 2 | G103: 180000 | I103: =ROUND(($J$9/$I$9)*G103,2) -> 199384.81 | L103: =I103 -> 199384.81 | M103: =ROUND(L103*19%,2) -> 37883.11 | N103: =ROUND((L103+M103)*E103,2) -> 474535.84
B104: 51 | C104: Atlántico: Centrífuga THERMO SCIENTIFIC ESPRESSO ATL-G-25. El mantenimiento correctivo debe incluir: reparación de carcasa externa del equipo en zona de fijación, incluyendo recuperación de puntos de anclaje para tornillería (repuestos y servicios). | D104: UNIDAD | E104: 1 | G104: 150000 | I104: =ROUND(($J$9/$I$9)*G104,2) -> 166154.01 | L104: =I104 -> 166154.01 | M104: =ROUND(L104*19%,2) -> 31569.26 | N104: =ROUND((L104+M104)*E104,2) -> 197723.27
B105: 52 | C105: Atlántico: Microcentrífuga EPPENDORF MINI SPIN 5452 ATL-G-57 ATL-G-103. El mantenimiento correctivo debe incluir: reparación de carcasa externa del equipo, recuperación de superficie afectada (repuestos y servicios). | D105: UNIDAD | E105: 2 | G105: 110000 | I105: =ROUND(($J$9/$I$9)*G105,2) -> 121846.27 | L105: =I105 -> 121846.27 | M105: =ROUND(L105*19%,2) -> 23150.79 | N105: =ROUND((L105+M105)*E105,2) -> 289994.12
B106: 53 | C106: Atlántico: Vortex ATL-G-03. El mantenimiento correctivo debe incluir: cambio de rotor, cambio de capuchon (repuestos y servicios). | D106: UNIDAD | E106: 1
B107: 54 | C107: Atlántico: CENTRIFUGA THERMO FISHER SCIENTIFIC SORVALL ST 8 ATL-G-211. El mantenimiento correctivo debe incluir: suministro e instalación de brazo hidráulico de soporte de tapa, elemento de fijación, pasador y accesorios de acople (repuestos y servicios). | D107: UNIDAD | E107: 1 | G107: 180000 | I107: =ROUND(($J$9/$I$9)*G107,2) -> 199384.81 | L107: =I107 -> 199384.81 | M107: =ROUND(L107*19%,2) -> 37883.11 | N107: =ROUND((L107+M107)*E107,2) -> 237267.92
B108: 55 | C108: Atlántico: CROSSLINKER UV, ANALYTIC JENA, MODELO: CL-3000, ATL-G-224. El mantenimiento correctivo debe incluir: cambio del visor de visualización (repuestos y servicios). | D108: UNIDAD | E108: 1 | G108: 190000 | I108: =ROUND(($J$9/$I$9)*G108,2) -> 210461.74 | L108: =I108 -> 210461.74 | M108: =ROUND(L108*19%,2) -> 39987.73 | N108: =ROUND((L108+M108)*E108,2) -> 250449.47
B109: 56 | C109: Atlántico: Mototool FOREDOM TX H ATL-G-149, ATL-G-150 ES DREMEL ATL-G-37, ATL-G-98, ATL-G-99, debe incluir el cambio de dos (2) guayas y el cambio de escobillas para ATL-G-37. | D109: UNIDAD | E109: 5 | G109: 120000 | I109: =ROUND(($J$9/$I$9)*G109,2) -> 132923.21 | L109: =I109 -> 132923.21 | M109: =ROUND(L109*19%,2) -> 25255.41 | N109: =ROUND((L109+M109)*E109,2) -> 790893.1
B110: 57 | C110: Medellín: Horno de hibridación marca FINEPCR (MED-G-36). El mantenimiento correctivo del horno debe incluir para los dos compartimentos: el cambio de Display control PID, sensor y control de potencia. Se debe realizar la programación del instrumento, seguida de la restauración de parámetros operativos. Además, se debe garantizar la configuración de sensores y motoventilador para asegurar un desempeño óptimo. Ajustes de tolerancia, garantizando una precisión de ±1°C para asegurar la estabilidad del equipo (repuestos y servicios). | D110: UNIDAD | E110: 1 | G110: 220000 | I110: =ROUND(($J$9/$I$9)*G110,2) -> 243692.54 | L110: =I110 -> 243692.54 | M110: =ROUND(L110*19%,2) -> 46301.58 | N110: =ROUND((L110+M110)*E110,2) -> 289994.12
B111: 58 | C111: Medellín: Molino Mezclador: Marca Retsch GmbH. Modelo MM 400 (MED-G-18). El mantenimiento correctivo debe incluir: Cambio de perilla de ajuste de molienda (repuestos y servicios). | D111: UNIDAD | E111: 1 | G111: 180000 | I111: =ROUND(($J$9/$I$9)*G111,2) -> 199384.81 | L111: =I111 -> 199384.81 | M111: =ROUND(L111*19%,2) -> 37883.11 | N111: =ROUND((L111+M111)*E111,2) -> 237267.92
B112: 59 | C112: Centrífuga de mesa (Medellín MED-G-38), El mantenimiento correctivo debe incluir: suministro e instalación de brazo hidráulico de soporte de tapa, elemento de fijación, pasador y accesorios de acople (repuesto y servicio). | D112: UNIDAD | E112: 1
B113: 60 | C113: Centrífuga refrigerada SORVALL LEGEND XFR marca THERMO SCIENTIFIC (Bogotá G-287). Requiere cambio de rodamientos del motor. | D113: UNIDAD | E113: 1 | G113: 140000 | I113: =ROUND(($J$9/$I$9)*G113,2) -> 155077.07 | L113: =I113 -> 155077.07 | M113: =ROUND(L113*19%,2) -> 29464.64 | N113: =ROUND((L113+M113)*E113,2) -> 184541.71
B114: 61 | C114: Motor eléctrico FOREDOM SR (Bogotá 5, G-229), debe incluir el cambio de cinco (5) guayas y escobillas para los 5 equipos. | D114: UNIDAD | E114: 5 | G114: 280000 | I114: =ROUND(($J$9/$I$9)*G114,2) -> 310154.15 | L114: =I114 -> 310154.15 | M114: =ROUND(L114*19%,2) -> 58929.29 | N114: =ROUND((L114+M114)*E114,2) -> 1845417.2
...

Sheet ANEXO 3
B1: ANEXO 3
D2: ANÁLISIS PARA ESTABLECER EL VALOR FINAL
D3: PRESTAR EL SERVICIO DE MANTENIMIENTO DE EQUIPOS: ALCANCE AL OBJETO: GRUPO No 1: PRESTAR EL SERVICIO DE MANTENIMIENTO PREVENTIVO Y SOPORTE TÉCNICO PARA EQUIPOS DE REFRIGERACIÓN Y CONGELACIÓN DE LOS GRUPOS GENÉTICA DE LA FISCALÍA GENERAL DE LA NACIÓN. GRUPO No 2: PRESTAR EL SERVICIO DE MANTENIMIENTO PREVENTIVO, CORRECTIVO Y SOPORTE TÉCNICO PARA LOS EQUIPOS DE MEDIANA TECNOLOGÍA DE LOS GRUPOS GENÉTICA DE LA FISCALÍA GENERAL DE LA NACIÓN. GRUPO No 3: PRESTAR EL SERVICIO DE MANTENIMIENTO PREVENTIVO, CORRECTIVO Y SOPORTE TÉCNICO PARA LOS EQUIPOS CABINAS DE EXTRACCIÓN, BIOSEGURIDAD Y FLUJO LAMINAR DE LOS GRUPOS GENÉTICA Y QUÍMICA (Seccional Bogotá) DE LA FISCALÍA GENERAL DE LA NACIÓN.
B6: NECESIDAD
B7: GRUPO 1. MANTENIMIENTO PREVENTIVO, CORRECTIVO Y SOPORTE TÉCNICO PARA EQUIPOS DE REFRIGERACIÓN Y CONGELACIÓN - GRUPO DE GENETICA
B8: MANTENIMIENTO PREVENTIVO / SOPORTE TÉCNICO | G8: ANÁLISIS DE COTIZACIONES | I8: ANÁLISIS GASTO HISTÓRICO | K8: VALOR SELECCIONADO
B9: ITEM | C9: DESCRIPCIÓN DEL BIEN | D9: UNIDAD DE MEDIDA | E9: CANTIDAD | G9: VALOR UNITARIO SIN IVA | I9: VALOR UNITARIO SIN IVA | K9: VALOR UNITARIO SIN IVA | L9: IVA UNITARIO | M9: VALOR UNITARIO INCLUIDO IVA | N9: VALOR TOTAL INCLUIDO IVA
B10: 1 | C10: Congelador Revco md ULT 1740-5-A 30 S/N Y09H- 408968-YH (Bogotá G-179) | D10: UNIDAD | E10: 1 | G10: ='ANEXO 1'!G10 -> 240000 | I10: ='ANEXO 2'!L10 -> 132812.44 | K10: =ROUND(AVERAGE(G10,I10),2) -> 186406.22 | L10: =ROUND((K10*19%),2) -> 35417.18 | M10: =ROUND((L10+K10),2) -> 221823.4 | N10: =ROUND((M10*E10),2) -> 221823.4
B11: 2 | C11: Congelador Revco md ULT2330A 22 s/n 0112971801130926 (Bogotá G-270) | D11: UNIDAD | E11: 1 | G11: ='ANEXO 1'!G11 -> 240000 | I11: ='ANEXO 2'!L11 -> 154966.3 | K11: =ROUND(AVERAGE(G11,I11),2) -> 197483.15 | L11: =ROUND((K11*19%),2) -> 37521.8 | M11: =ROUND((L11+K11),2) -> 235004.95 | N11: =ROUND((M11*E11),2) -> 235004.95
B12: 3 | C12: Refrigerador Revco md REL2304A23 s/n 0112836701130801 (Bogotá G-291) | D12: UNIDAD | E12: 1 | G12: ='ANEXO 1'!G12 -> 215000 | I12: ='ANEXO 2'!L12 -> 127384.74 | K12: =ROUND(AVERAGE(G12,I12),2) -> 171192.37 | L12: =ROUND((K12*19%),2) -> 32526.55 | M12: =ROUND((L12+K12),2) -> 203718.92 | N12: =ROUND((M12*E12),2) -> 203718.92
B13: 4 | C13: Refrigerador Revco md REL2304A14 s/n Y18H- 410411-YH (Bogotá G-174) | D13: UNIDAD | E13: 1 | G13: ='ANEXO 1'!G13 -> 215000 | I13: ='ANEXO 2'!L13 -> 127384.74 | K13: =ROUND(AVERAGE(G13,I13),2) -> 171192.37 | L13: =ROUND((K13*19%),2) -> 32526.55 | M13: =ROUND((L13+K13),2) -> 203718.92 | N13: =ROUND((M13*E13),2) -> 203718.92
B14: 5 | C14: Refrigerador Revco md REL404A20 s/n 0115019101131008 (Bogotá G-301) | D14: UNIDAD | E14: 1 | G14: ='ANEXO 1'!G14 -> 215000 | I14: ='ANEXO 2'!L14 -> 127384.74 | K14: =ROUND(AVERAGE(G14,I14),2) -> 171192.37 | L14: =ROUND((K14*19%),2) -> 32526.55 | M14: =ROUND((L14+K14),2) -> 203718.92 | N14: =ROUND((M14*E14),2) -> 203718.92
B15: 6 | C15: Refrigerador Revco md REL404A20 (Bogotá G- 302) | D15: UNIDAD | E15: 1 | G15: ='ANEXO 1'!G15 -> 215000 | I15: ='ANEXO 2'!L15 -> 127384.74 | K15: =ROUND(AVERAGE(G15,I15),2) -> 171192.37 | L15: =ROUND((K15*19%),2) -> 32526.55 | M15: =ROUND((L15+K15),2) -> 203718.92 | N15: =ROUND((M15*E15),2) -> 203718.92
B16: 7 | C16: Refrigerador Revco md REL3004a23 s/n 01128803011820 (Bogotá G-290) | D16: UNIDAD | E16: 1 | G16: ='ANEXO 1'!G16 -> 215000 | I16: ='ANEXO 2'!L16 -> 127384.74 | K16: =ROUND(AVERAGE(G16,I16),2) -> 171192.37 | L16: =ROUND((K16*19%),2) -> 32526.55 | M16: =ROUND((L16+K16),2) -> 203718.92 | N16: =ROUND((M16*E16),2) -> 203718.92
B17: 8 | C17: Refrigerador Revco md REL1204a24 s/n 0115089001131108 (Bogotá G-298) | D17: UNIDAD | E17: 1 | G17: ='ANEXO 1'!G17 -> 215000 | I17: ='ANEXO 2'!L17 -> 127384.74 | K17: =ROUND(AVERAGE(G17,I17),2) -> 171192.37 | L17: =ROUND((K17*19%),2) -> 32526.55 | M17: =ROUND((L17+K17),2) -> 203718.92 | N17: =ROUND((M17*E17),2) -> 203718.92
B18: 9 | C18: Refrigerador / congelador EVERMED LCRF-370W (Bogotá G-331, G-332) | D18: UNIDAD | E18: 2 | G18: ='ANEXO 1'!G18 -> 290000 | I18: ='ANEXO 2'!L18 -> 166043.24 | K18: =ROUND(AVERAGE(G18,I18),2) -> 228021.62 | L18: =ROUND((K18*19%),2) -> 43324.11 | M18: =ROUND((L18+K18),2) -> 271345.73 | N18: =ROUND((M18*E18),2) -> 542691.46
B19: 10 | C19: Refrigerador diserlab DIS NVE-01 (Bogotá G-142) | D19: UNIDAD | E19: 1 | G19: ='ANEXO 1'!G19 -> 300000 | I19: ='ANEXO 2'!L19 -> 166043.24 | K19: =ROUND(AVERAGE(G19,I19),2) -> 233021.62 | L19: =ROUND((K19*19%),2) -> 44274.11 | M19: =ROUND((L19+K19),2) -> 277295.73 | N19: =ROUND((M19*E19),2) -> 277295.73
B20: 11 | C20: Refrigerador / congelador EVERMED LCRF-625S (Bogotá G-333) | D20: UNIDAD | E20: 1 | G20: ='ANEXO 1'!G20 -> 300000 | I20: ='ANEXO 2'!L20 -> 166043.24 | K20: =ROUND(AVERAGE(G20,I20),2) -> 233021.62 | L20: =ROUND((K20*19%),2) -> 44274.11 | M20: =ROUND((L20+K20),2) -> 277295.73 | N20: =ROUND((M20*E20),2) -> 277295.73
B21: 12 | C21: Congelador THERMO SCIENTIFIC TSX2330FY (Bogotá G-365) | D21: UNIDAD | E21: 1 | G21: ='ANEXO 1'!G21 -> 240000 | I21: ='ANEXO 2'!L21 -> 143889.37 | K21: =ROUND(AVERAGE(G21,I21),2) -> 191944.69 | L21: =ROUND((K21*19%),2) -> 36469.49 | M21: =ROUND((L21+K21),2) -> 228414.18 | N21: =ROUND((M21*E21),2) -> 228414.18
... B26: 17 | C26: Congelador THERMO SCIENTIFIC TSX2330FY (Bogotá G-384) | D26: UNIDAD | E26: 1 | G26: ='ANEXO 1'!G26 -> 240000 | I26: ='ANEXO 2'!L26 -> 143889.37 | K26: =ROUND(AVERAGE(G26,I26),2) -> 191944.69 | L26: =ROUND((K26*19%),2) -> 36469.49 | M26: =ROUND((L26+K26),2) -> 228414.18 | N26: =ROUND((M26*E26),2) -> 228414.18
B27: 18 | C27: Congelador THERMO SCIENTIFIC TSX5030FY (Bogotá, G-359) | D27: UNIDAD | E27: 1 | G27: ='ANEXO 1'!G27 -> 380000 | I27: ='ANEXO 2'!L27 -> 3101541.5 | K27: =+G27 -> 380000 | L27: =ROUND((K27*19%),2) -> 72200 | M27: =ROUND((L27+K27),2) -> 452200 | N27: =ROUND((M27*E27),2) -> 452200
B28: 19 | C28: Congelador Revco md ULT2330A 23 s/n 0115107101131115 (G-292) | D28: UNIDAD | E28: 1 | G28: ='ANEXO 1'!G28 -> 380000 | I28: ='ANEXO 2'!L28 -> 2880002.8 | K28: =+G28 -> 380000 | L28: =ROUND((K28*19%),2) -> 72200 | M28: =ROUND((L28+K28),2) -> 452200 | N28: =ROUND((M28*E28),2) -> 452200
B29: 20 | C29: Bogotá: Congelador, Modelo: TSX2330FY, S/N 1141493201211101, (G-376) | D29: UNIDAD | E29: 1 | G29: ='ANEXO 1'!G29 -> 380000 | K29: =ROUND(AVERAGE(G29,I29),2) -> 380000 | L29: =ROUND((K29*19%),2) -> 72200 | M29: =ROUND((L29+K29),2) -> 452200 | N29: =ROUND((M29*E29),2) -> 452200
B30: 21 | C30: Medellín: Vertical Freezer. Marca Thermo Fisher Scientific Modelo UGL2320A19 (Medellín MED-G-42) | D30: UNIDAD | E30: 1 | G30: ='ANEXO 1'!G30 -> 400000 | I30: ='ANEXO 2'!L30 -> 221427.91 | K30: =ROUND(AVERAGE(G30,I30),2) -> 310713.96 | L30: =ROUND((K30*19%),2) -> 59035.65 | M30: =ROUND((L30+K30),2) -> 369749.61 | N30: =ROUND((M30*E30),2) -> 369749.61
B31: 22 | C31: Medellín: Congelador-Refrigerador Thermo Fisher Scientific modelo MC20SS-SAEE-TS (Medellín MED-G-64) | D31: UNIDAD | E31: 1 | G31: ='ANEXO 1'!G31 -> 400000 | I31: ='ANEXO 2'!L31 -> 321120.31 | K31: =ROUND(AVERAGE(G31,I31),2) -> 360560.16 | L31: =ROUND((K31*19%),2) -> 68506.43 | M31: =ROUND((L31+K31),2) -> 429066.59 | N31: =ROUND((M31*E31),2) -> 429066.59
B32: 23 | C32: Ultracongelador THERMO SCIENTIFIC ULT2586-4-A46 (MED-G-108) | D32: UNIDAD | E32: 1 | G32: ='ANEXO 1'!G32 -> 700000 | K32: =ROUND(AVERAGE(G32,I32),2) -> 700000 | L32: =ROUND((K32*19%),2) -> 133000 | M32: =ROUND((L32+K32),2) -> 833000 | N32: =ROUND((M32*E32),2) -> 833000
B33: 24 | C33: Medellín: Congelador marca PHCBI (MED-G-125) | D33: UNIDAD | E33: 1 | G33: ='ANEXO 1'!G33 -> 400000 | I33: ='ANEXO 2'!L33 -> 265735.64 | K33: =ROUND(AVERAGE(G33,I33),2) -> 332867.82 | L33: =ROUND((K33*19%),2) -> 63244.89 | M33: =ROUND((L33+K33),2) -> 396112.71 | N33: =ROUND((M33*E33),2) -> 396112.71
B34: 25 | C34: Medellín: refrigerador marca PHCBI (MED-G-129) | D34: UNIDAD | E34: 1 | G34: ='ANEXO 1'!G34 -> 380000 | I34: ='ANEXO 2'!L34 -> 265735.64 | K34: =ROUND(AVERAGE(G34,I34),2) -> 322867.82 | L34: =ROUND((K34*19%),2) -> 61344.89 | M34: =ROUND((L34+K34),2) -> 384212.71 | N34: =ROUND((M34*E34),2) -> 384212.71
B35: 26 | C35: Atlántico: Ultracongelador THERMO FISHER JLF2330A REVCO ULT2330A19 ATL-G-121 | D35: UNIDAD | E35: 1 | G35: ='ANEXO 1'!G35 -> 480000 | I35: ='ANEXO 2'!L35 -> 243581.77 | K35: =ROUND(AVERAGE(G35,I35),2) -> 361790.89 | L35: =ROUND((K35*19%),2) -> 68740.27 | M35: =ROUND((L35+K35),2) -> 430531.16 | N35: =ROUND((M35*E35),2) -> 430531.16
B36: 27 | C36: Atlántico: Refrigerador vertical MGC NV23CS ATL-G-43 | D36: UNIDAD | E36: 1 | G36: ='ANEXO 1'!G36 -> 350000 | I36: ='ANEXO 2'!L36 -> 188307.87 | K36: =ROUND(AVERAGE(G36,I36),2) -> 269153.94 | L36: =ROUND((K36*19%),2) -> 51139.25 | M36: =ROUND((L36+K36),2) -> 320293.19 | N36: =ROUND((M36*E36),2) -> 320293.19
B37: 28 | C37: Atlántico: Atlántico: Ultracongelador THERMO FISHER REVCO ULT2330A19 ATL-G-28 | D37: UNIDAD | E37: 1 | G37: ='ANEXO 1'!G37 -> 490000 | I37: ='ANEXO 2'!L37 -> 243581.77 | K37: =ROUND(AVERAGE(G37,I37),2) -> 366790.89 | L37: =ROUND((K37*19%),2) -> 69690.27 | M37: =ROUND((L37+K37),2) -> 436481.16 | N37: =ROUND((M37*E37),2) -> 436481.16
B38: 29 | C38: Atlántico: Atlántico: Ultracongelador THERMO FISHER REVCO ULT-1786-4-A47 ATL-G-26 | D38: UNIDAD | E38: 1 | G38: ='ANEXO 1'!G38 -> 550000 | I38: ='ANEXO 2'!L38 -> 243581.77 | K38: =ROUND(AVERAGE(G38,I38),2) -> 396790.89 | L38: =ROUND((K38*19%),2) -> 75390.27 | M38: =ROUND((L38+K38),2) -> 472181.16 | N38: =ROUND((M38*E38),2) -> 472181.16
B39: 30 | C39: Atlántico: Congelador-Refrigerador THERMO SCIENTIFIC MC20SS-SAEE-TS ATL-G-196 | D39: UNIDAD | E39: 1 | G39: ='ANEXO 1'!G39 -> 550000 | I39: ='ANEXO 2'!L39 -> 243581.77 | K39: =ROUND(AVERAGE(G39,I39),2) -> 396790.89 | L39: =ROUND((K39*19%),2) -> 75390.27 | M39: =ROUND((L39+K39),2) -> 472181.16 | N39: =ROUND((M39*E39),2) -> 472181.16
B40: 31 | C40: Atlántico: Congelador PHCbi, ATL-G-204 | D40: UNIDAD | E40: 1 | G40: ='ANEXO 1'!G40 -> 550000 | I40: ='ANEXO 2'!L40 -> 243581.77 | K40: =ROUND(AVERAGE(G40,I40),2) -> 396790.89 | L40: =ROUND((K40*19%),2) -> 75390.27 | M40: =ROUND((L40+K40),2) -> 472181.16 | N40: =ROUND((M40*E40),2) -> 472181.16
B41: 32 | C41: Atlántico: Refrigerador PHCbi, ATL-G-210 | D41: UNIDAD | E41: 1 | G41: ='ANEXO 1'!G41 -> 480000 | I41: ='ANEXO 2'!L41 -> 243581.77 | K41: =ROUND(AVERAGE(G41,I41),2) -> 361790.89 | L41: =ROUND((K41*19%),2) -> 68740.27 | M41: =ROUND((L41+K41),2) -> 430531.16 | N41: =ROUND((M41*E41),2) -> 430531.16
B42: 33 | C42: Atlántico: Congelador-Refrigerador THERMO SCIENTIFIC MC20SS-SAEE-TS ATL, S/N 1168889501180806 (G-195) | D42: UNIDAD | E42: 1 | G42: ='ANEXO 1'!G42 -> 550000 | I42: ='ANEXO 2'!L42 -> 243581.77 | K42: =ROUND(AVERAGE(G42,I42),2) -> 396790.89 | L42: =ROUND((K42*19%),2) -> 75390.27 | M42: =ROUND((L42+K42),2) -> 472181.16 | N42: =ROUND((M42*E42),2) -> 472181.16
B43: MANTENIMIENTO PREVENTIVO Y CORRECTIVO / SOPORTE TÉCNICO | G43: ANÁLISIS DE COTIZACIONES | I43: ANÁLISIS GASTO HISTÓRICO | K43: VALOR SELECCIONADO
B44: ITEM | C44: DESCRIPCIÓN DEL BIEN | D44: UNIDAD DE MEDIDA | E44: CANTIDAD | G44: VALOR UNITARIO SIN IVA | I44: VALOR UNITARIO SIN IVA | K44: VALOR UNITARIO SIN IVA | L44: IVA UNITARIO | M44: VALOR UNITARIO INCLUIDO IVA | N44: VALOR TOTAL INCLUIDO IVA
B45: 34 | C45: Congelador EVERMED LF-140W (Bogotá G-334) El mantenimiento correctivo debe incluir: cambio del controlador PID (display), sensor de temperatura y módulo de control de potencia (repuestos y servicios). | D45: UNIDAD | E45: 1 | G45: ='ANEXO 1'!G45 -> 240000 | I45: ='ANEXO 2'!L45 -> 132812.44 | K45: =ROUND(AVERAGE(G45,I45),2) -> 186406.22 | L45: =ROUND((K45*19%),2) -> 35417.18 | M45: =ROUND((L45+K45),2) -> 221823.4 | N45: =ROUND((M45*E45),2) -> 221823.4
B46: 35 | C46: Refrigerador Revco md REL2304A23 s/n Y18H- 410410-YH (Bogotá G-178) El mantenimiento correctivo debe incluir el reemplazo del sensor de temperatura | D46: UNIDAD | E46: 1 | G46: ='ANEXO 1'!G47 -> 290000 | I46: ='ANEXO 2'!L46 -> 166043.24 | K46: =ROUND(AVERAGE(G46,I46),2) -> 228021.62 | L46: =ROUND((K46*19%),2) -> 43324.11 | M46: =ROUND((L46+K46),2) -> 271345.73 | N46: =ROUND((M46*E46),2) -> 271345.73
B47: 36 | C47: Congelador THERMO SCIENTIFIC TSX2330FY (Bogotá, G-358) El mantenimiento correctivo debe incluir la reparación del sistema de drenaje de condensados. | D47: UNIDAD | E47: 1 | G47: ='ANEXO 1'!G49 -> 240000 | I47: ='ANEXO 2'!L47 -> 3101541.5 | K47: =+G47 -> 240000 | L47: =ROUND((K47*19%),2) -> 45600 | M47: =ROUND((L47+K47),2) -> 285600 | N47: =ROUND((M47*E47),2) -> 285600
B48: 37 | C48: Ultracongelador THERMO SCIENTIFIC TSX2330FY (Bogotá G-388) El mantenimiento correctivo debe incluir: entrega e instalación de regulador de 4 kVA (repuestos y servicios). | D48: UNIDAD | E48: 1 | G48: ='ANEXO 1'!G51 -> 530000 | I48: ='ANEXO 2'!L48 -> 143889.37 | K48: =ROUND(AVERAGE(G48,I48),2) -> 336944.69 | L48: =ROUND((K48*19%),2) -> 64019.49 | M48: =ROUND((L48+K48),2) -> 400964.18 | N48: =ROUND((M48*E48),2) -> 400964.18
K49: TOTAL GRUPO 1 | N49: =ROUND(SUM(N10:N48),2) -> 12580546
B51: GRUPO 2. EQUIPOS DE MEDIANA TECNOLOGÍA - GRUPO DE GENETICA
B52: MANTENIMIENTO PREVENTIVO / SOPORTE TECNICO (INCLUYE CONSUMIBLES PARA: ATL-G-37, ATL-G-99, G146, G229) | G52: ANÁLISIS DE COTIZACIONES | I52: ANÁLISIS GASTO HISTÓRICO | K52: VALOR SELECCIONADO
B53: ITEM | C53: DESCRIPCIÓN DEL BIEN | D53: UNIDAD DE MEDIDA | E53: CANTIDAD | G53: VALOR UNITARIO SIN IVA | I53: VALOR UNITARIO SIN IVA | K53: VALOR UNITARIO SIN IVA | L53: IVA UNITARIO | M53: VALOR UNITARIO INCLUIDO IVA | N53: VALOR TOTAL INCLUIDO IVA
B54: 1 | C54: Minispin 5452 eppendorf (Bogotá G-133, G-135) | D54: UNIDAD | E54: 2 | G54: ='ANEXO 1'!G56 -> 120000 | I54: ='ANEXO 2'!L52 -> 83077 | K54: =ROUND(AVERAGE(G54,I54),2) -> 101538.5 | L54: =ROUND((K54*19%),2) -> 19292.32 | M54: =ROUND((L54+K54),2) -> 120830.82 | N54: =ROUND((M54*E54),2) -> 241661.64
B55: 2 | C55: Microcentrífuga Labnet (Bogotá G-255, G- 299) | D55: UNIDAD | E55: 2 | G55: ='ANEXO 1'!G57 -> 120000 | I55: ='ANEXO 2'!L53 -> 83077 | K55: =ROUND(AVERAGE(G55,I55),2) -> 101538.5 | L55: =ROUND((K55*19%),2) -> 19292.32 | M55: =ROUND((L55+K55),2) -> 120830.82 | N55: =ROUND((M55*E55),2) -> 241661.64
B56: 3 | C56: Centrífuga refrigerada SORVALL LEGEND XFR marca THERMO SCIENTIFIC (Bogotá G-225, G-254) | D56: UNIDAD | E56: 2 | G56: ='ANEXO 1'!G58 -> 215000 | I56: ='ANEXO 2'!L54 -> 155077.07 | K56: =ROUND(AVERAGE(G56,I56),2) -> 185038.54 | L56: =ROUND((K56*19%),2) -> 35157.32 | M56: =ROUND((L56+K56),2) -> 220195.86 | N56: =ROUND((M56*E56),2) -> 440391.72
B57: 4 | C57: Centrífuga refrigerada Labnet referencia Z400K (Bogotá G-129, G-130) | D57: UNIDAD | E57: 2 | G57: ='ANEXO 1'!G59 -> 215000 | I57: ='ANEXO 2'!L55 -> 144000.14 | K57: =ROUND(AVERAGE(G57,I57),2) -> 179500.07 | L57: =ROUND((K57*19%),2) -> 34105.01 | M57: =ROUND((L57+K57),2) -> 213605.08 | N57: =ROUND((M57*E57),2) -> 427210.16
B58: 5 | C58: Horno de hibridación marca FINEPCR (Bogotá G-306) | D58: UNIDAD | E58: 1 | G58: ='ANEXO 1'!G60 -> 186000 | I58: ='ANEXO 2'!L56 -> 3433849.5 | K58: =+G58 -> 186000 | L58: =ROUND((K58*19%),2) -> 35340 | M58: =ROUND((L58+K58),2) -> 221340 | N58: =ROUND((M58*E58),2) -> 221340
B59: 6 | C59: Autoclave Tuttnauer Modelo 2540 Nova-3 (Bogotá G-237) | D59: UNIDAD | E59: 1 | G59: ='ANEXO 1'!G61 -> 480000 | I59: ='ANEXO 2'!L57 -> 321231.08 | K59: =ROUND(AVERAGE(G59,I59),2) -> 400615.54 | L59: =ROUND((K59*19%),2) -> 76116.95 | M59: =ROUND((L59+K59),2) -> 476732.49 | N59: =ROUND((M59*E59),2) -> 476732.49
B60: 7 | C60: Molinos Mezcladores MM400 marca Retsh (Bogotá G-104, G-226, G-261, G-303, 369) | D60: UNIDAD | E60: 5 | G60: ='ANEXO 1'!G62 -> 215000 | I60: ='ANEXO 2'!L58 -> 155077.07 | K60: =ROUND(AVERAGE(G60,I60),2) -> 185038.54 | L60: =ROUND((K60*19%),2) -> 35157.32 | M60: =ROUND((L60+K60),2) -> 220195.86 | N60: =ROUND((M60*E60),2) -> 1100979.3
B61: 8 | C61: Concentrador eppendorf (Bogotá G-227) | D61: UNIDAD | E61: 1 | G61: ='ANEXO 1'!G63 -> 310000 | I61: ='ANEXO 2'!L59 -> 221538.68 | K61: =ROUND(AVERAGE(G61,I61),2) -> 265769.34 | L61: =ROUND((K61*19%),2) -> 50496.17 | M61: =ROUND((L61+K61),2) -> 316265.51 | N61: =ROUND((M61*E61),2) -> 316265.51
B62: 9 | C62: Mini incubadora (Bogotá G-145, G-305) | D62: UNIDAD | E62: 2 | G62: ='ANEXO 1'!G64 -> 190000 | I62: ='ANEXO 2'!L60 -> 132923.21 | K62: =ROUND(AVERAGE(G62,I62),2) -> 161461.61 | L62: =ROUND((K62*19%),2) -> 30677.71 | M62: =ROUND((L62+K62),2) -> 192139.32 | N62: =ROUND((M62*E62),2) -> 384278.64
B63: 10 | C63: Mototool (Bogotá G-89, G-172, G-77 ) | D63: UNIDAD | E63: 3 | G63: ='ANEXO 1'!G65 -> 175000 | I63: ='ANEXO 2'!L61 -> 127384.74 | K63: =ROUND(AVERAGE(G63,I63),2) -> 151192.37 | L63: =ROUND((K63*19%),2) -> 28726.55 | M63: =ROUND((L63+K63),2) -> 179918.92 | N63: =ROUND((M63*E63),2) -> 539756.76
B64: 11 | C64: Bloque seco (Bogotá G-238) | D64: UNIDAD | E64: 1 | G64: ='ANEXO 1'!G66 -> 215000 | I64: ='ANEXO 2'!L62 -> 144000.14 | K64: =ROUND(AVERAGE(G64,I64),2) -> 179500.07 | L64: =ROUND((K64*19%),2) -> 34105.01 | M64: =ROUND((L64+K64),2) -> 213605.08 | N64: =ROUND((M64*E64),2) -> 213605.08
B65: 12 | C65: Microcentrífuga Labnet (Bogotá G-131) | D65: UNIDAD | E65: 1 | G65: ='ANEXO 1'!G67 -> 130000 | I65: ='ANEXO 2'!L63 -> 83077 | K65: =ROUND(AVERAGE(G65,I65),2) -> 106538.5 | L65: =ROUND((K65*19%),2) -> 20242.32 | M65: =ROUND((L65+K65),2) -> 126780.82 | N65: =ROUND((M65*E65),2) -> 126780.82
B66: 13 | C66: Microdedridador (Bogotá G-268) | D66: UNIDAD | E66: 1 | G66: ='ANEXO 1'!G68 -> 410000 | I66: ='ANEXO 2'!L64 -> 276923.34 | K66: =ROUND(AVERAGE(G66,I66),2) -> 343461.67 | L66: =ROUND((K66*19%),2) -> 65257.72 | M66: =ROUND((L66+K66),2) -> 408719.39 | N66: =ROUND((M66*E66),2) -> 408719.39
B67: 14 | C67: Crosslinker U.V (Bogotá G-385, G-386) | D67: UNIDAD | E67: 2 | G67: ='ANEXO 1'!G69 -> 240000 | I67: ='ANEXO 2'!L65 -> 166154.01 | K67: =ROUND(AVERAGE(G67,I67),2) -> 203077.01 | L67: =ROUND((K67*19%),2) -> 38584.63 | M67: =ROUND((L67+K67),2) -> 241661.64 | N67: =ROUND((M67*E67),2) -> 483323.28
B68: 15 | C68: Termoagitador (Bogotá G-378) | D68: UNIDAD | E68: 1 | G68: ='ANEXO 1'!G70 -> 360000 | I68: ='ANEXO 2'!L66 -> 243692.54 | K68: =ROUND(AVERAGE(G68,I68),2) -> 301846.27 | L68: =ROUND((K68*19%),2) -> 57350.79 | M68: =ROUND((L68+K68),2) -> 359197.06 | N68: =ROUND((M68*E68),2) -> 359197.06
B69: 16 | C69: Bloque seco (Bogotá G-377) | D69: UNIDAD | E69: 1 | G69: ='ANEXO 1'!G71 -> 215000 | I69: ='ANEXO 2'!L67 -> 144000.14 | K69: =ROUND(AVERAGE(G69,I69),2) -> 179500.07 | L69: =ROUND((K69*19%),2) -> 34105.01 | M69: =ROUND((L69+K69),2) -> 213605.08 | N69: =ROUND((M69*E69),2) -> 213605.08
B70: 17 | C70: Microcentrifuga de placas (Bogotá G-375) | D70: UNIDAD | E70: 1 | G70: ='ANEXO 1'!G72 -> 285000 | I70: ='ANEXO 2'!L68 -> 199384.81 | K70: =ROUND(AVERAGE(G70,I70),2) -> 242192.41 | L70: =ROUND((K70*19%),2) -> 46016.56 | M70: =ROUND((L70+K70),2) -> 288208.97 | N70: =ROUND((M70*E70),2) -> 288208.97
... B72: 19 | C72: Horno de hibridación marca FINEPCR (Bogotá G-183, G-284) | D72: UNIDAD | E72: 2 | G72: ='ANEXO 1'!G74 -> 185000 | I72: ='ANEXO 2'!L70 -> 127384.74 | K72: =ROUND(AVERAGE(G72,I72),2) -> 156192.37 | L72: =ROUND((K72*19%),2) -> 29676.55 | M72: =ROUND((L72+K72),2) -> 185868.92 | N72: =ROUND((M72*E72),2) -> 371737.84
B73: 20 | C73: Agitador Vortex (G-94, G-95, G-96, G-97, G-98, G-166, G-167) | D73: UNIDAD | E73: 7 | G73: ='ANEXO 1'!G75 -> 216000 | K73: =ROUND(AVERAGE(G73,I73),2) -> 216000 | L73: =ROUND((K73*19%),2) -> 41040 | M73: =ROUND((L73+K73),2) -> 257040 | N73: =ROUND((M73*E73),2) -> 1799280
B74: 21 | C74: Atlántico: Bloque seco LabTech LBH-T02 ATL-G-105 | D74: UNIDAD | E74: 1 | G74: ='ANEXO 1'!G76 -> 200000 | I74: ='ANEXO 2'!L72 -> 144000.14 | K74: =ROUND(AVERAGE(G74,I74),2) -> 172000.07 | L74: =ROUND((K74*19%),2) -> 32680.01 | M74: =ROUND((L74+K74),2) -> 204680.08 | N74: =ROUND((M74*E74),2) -> 204680.08
B75: 22 | C75: Atlántico: Centrífuga THERMO SCIENTIFIC ESPRESSO ATL-G-24. | D75: UNIDAD | E75: 1 | G75: ='ANEXO 1'!G77 -> 250000 | I75: ='ANEXO 2'!L73 -> 166154.01 | K75: =ROUND(AVERAGE(G75,I75),2) -> 208077.01 | L75: =ROUND((K75*19%),2) -> 39534.63 | M75: =ROUND((L75+K75),2) -> 247611.64 | N75: =ROUND((M75*E75),2) -> 247611.64
B76: 23 | C76: Atlántico: Centrífuga de placas ATL-G-209 | D76: UNIDAD | E76: 1 | G76: ='ANEXO 1'!G78 -> 430000 | K76: =ROUND(AVERAGE(G76,I76),2) -> 430000 | L76: =ROUND((K76*19%),2) -> 81700 | M76: =ROUND((L76+K76),2) -> 511700 | N76: =ROUND((M76*E76),2) -> 511700
B77: 24 | C77: Atlántico: Placa de calentamiento ATL-G-41, ATL-G-146 | D77: UNIDAD | E77: 2 | G77: ='ANEXO 1'!G79 -> 280000 | K77: =ROUND(AVERAGE(G77,I77),2) -> 280000 | L77: =ROUND((K77*19%),2) -> 53200 | M77: =ROUND((L77+K77),2) -> 333200 | N77: =ROUND((M77*E77),2) -> 666400
B78: 25 | C78: Atlántico: Horno de hibridación LABNET I5110- H5500 ATL-G-33 | D78: UNIDAD | E78: 1 | G78: ='ANEXO 1'!G80 -> 230000 | I78: ='ANEXO 2'!L76 -> 155077.07 | K78: =ROUND(AVERAGE(G78,I78),2) -> 192538.54 | L78: =ROUND((K78*19%),2) -> 36582.32 | M78: =ROUND((L78+K78),2) -> 229120.86 | N78: =ROUND((M78*E78),2) -> 229120.86
B79: 26 | C79: Atlántico: Horno de hibridación FISHER- BIOTECH FBH-110 ATL-G-32 | D79: UNIDAD | E79: 1 | G79: ='ANEXO 1'!G81 -> 230000 | I79: ='ANEXO 2'!L77 -> 155077.07 | K79: =ROUND(AVERAGE(G79,I79),2) -> 192538.54 | L79: =ROUND((K79*19%),2) -> 36582.32 | M79: =ROUND((L79+K79),2) -> 229120.86 | N79: =ROUND((M79*E79),2) -> 229120.86
B80: 27 | C80: Atlántico: Horno de hibridación THERMO FISHER SCIENTIFIC HBSNSRS110-6241 ATL-G-34 ATL-G-117 | D80: UNIDAD | E80: 2 | G80: ='ANEXO 1'!G82 -> 230000 | I80: ='ANEXO 2'!L78 -> 155077.07 | K80: =ROUND(AVERAGE(G80,I80),2) -> 192538.54 | L80: =ROUND((K80*19%),2) -> 36582.32 | M80: =ROUND((L80+K80),2) -> 229120.86 | N80: =ROUND((M80*E80),2) -> 458241.72
B81: 28 | C81: Atlántico: Horno de hibridación DAIGGER COMBI D-24 ATL-G-101 | D81: UNIDAD | E81: 1 | G81: ='ANEXO 1'!G83 -> 230000 | I81: ='ANEXO 2'!L79 -> 155077.07 | K81: =ROUND(AVERAGE(G81,I81),2) -> 192538.54 | L81: =ROUND((K81*19%),2) -> 36582.32 | M81: =ROUND((L81+K81),2) -> 229120.86 | N81: =ROUND((M81*E81),2) -> 229120.86
B82: 29 | C82: Atlántico: Crosslinker UVP CL-1000 ATL-G-111, ATL-G-118, ATL-G-148 | D82: UNIDAD | E82: 3 | G82: ='ANEXO 1'!G84 -> 215000 | I82: ='ANEXO 2'!L80 -> 144000.14 | K82: =ROUND(AVERAGE(G82,I82),2) -> 179500.07 | L82: =ROUND((K82*19%),2) -> 34105.01 | M82: =ROUND((L82+K82),2) -> 213605.08 | N82: =ROUND((M82*E82),2) -> 640815.24
B83: 30 | C83: Atlántico: Microcentrífuga ATL-G-165 | D83: UNIDAD | E83: 1 | G83: ='ANEXO 1'!G85 -> 360000 | K83: =ROUND(AVERAGE(G83,I83),2) -> 360000 | L83: =ROUND((K83*19%),2) -> 68400 | M83: =ROUND((L83+K83),2) -> 428400 | N83: =ROUND((M83*E83),2) -> 428400
B84: 31 | C84: Atlántico: Vortex ATL-G-01, ATL-G-02, ATL-G-04 y ATL-G-05 | D84: UNIDAD | E84: 4 | G84: ='ANEXO 1'!G86 -> 215000 | K84: =ROUND(AVERAGE(G84,I84),2) -> 215000 | L84: =ROUND((K84*19%),2) -> 40850 | M84: =ROUND((L84+K84),2) -> 255850 | N84: =ROUND((M84*E84),2) -> 1023400
B85: 32 | C85: Atlántico: Molino pulverizador RETSCH MM400 ATL-G-36 ATL-G-116 | D85: UNIDAD | E85: 2 | G85: ='ANEXO 1'!G87 -> 290000 | I85: ='ANEXO 2'!L83 -> 199384.81 | K85: =ROUND(AVERAGE(G85,I85),2) -> 244692.41 | L85: =ROUND((K85*19%),2) -> 46491.56 | M85: =ROUND((L85+K85),2) -> 291183.97 | N85: =ROUND((M85*E85),2) -> 582367.94
B86: 33 | C86: Atlántico: Sierra eléctrica DREMEL MULTIMAX 6300 ATL-G-44 | D86: UNIDAD | E86: 1 | G86: ='ANEXO 1'!G88 -> 215000 | I86: ='ANEXO 2'!L84 -> 144000.14 | K86: =ROUND(AVERAGE(G86,I86),2) -> 179500.07 | L86: =ROUND((K86*19%),2) -> 34105.01 | M86: =ROUND((L86+K86),2) -> 213605.08 | N86: =ROUND((M86*E86),2) -> 213605.08
B87: 34 | C87: Atlántico: Sierra eléctrica BRAUN AESCULAP GA668 ATL-G-100 | D87: UNIDAD | E87: 1 | G87: ='ANEXO 1'!G89 -> 230000 | I87: ='ANEXO 2'!L85 -> 144000.14 | K87: =ROUND(AVERAGE(G87,I87),2) -> 187000.07 | L87: =ROUND((K87*19%),2) -> 35530.01 | M87: =ROUND((L87+K87),2) -> 222530.08 | N87: =ROUND((M87*E87),2) -> 222530.08
B88: 35 | C88: Atlántico: AGITADOR TERMICO, Q INSTRUMENTS, BIOSHAKE IQ - REFERENCIA: 1808-0506, ATL-G-222 | D88: UNIDAD | E88: 1 | G88: ='ANEXO 1'!G90 -> 430000 | I88: ='ANEXO 2'!L86 -> 299077.21 | K88: =ROUND(AVERAGE(G88,I88),2) -> 364538.61 | L88: =ROUND((K88*19%),2) -> 69262.34 | M88: =ROUND((L88+K88),2) -> 433800.95 | N88: =ROUND((M88*E88),2) -> 433800.95
B89: 36 | C89: Atlántico: BLOQUE SECO, GRANT, REFERENCIA: BQD1L, ATL-G-223 | D89: UNIDAD | E89: 1 | G89: ='ANEXO 1'!G91 -> 480000 | I89: ='ANEXO 2'!L87 -> 332308.01 | K89: =ROUND(AVERAGE(G89,I89),2) -> 406154.01 | L89: =ROUND((K89*19%),2) -> 77169.26 | M89: =ROUND((L89+K89),2) -> 483323.27 | N89: =ROUND((M89*E89),2) -> 483323.27
B90: 37 | C90: Atlántico: Centrifuga refrigerada LABNET Z400K, ATL-G-21 | D90: UNIDAD | E90: 1 | G90: ='ANEXO 1'!G92 -> 450000 | K90: =ROUND(AVERAGE(G90,I90),2) -> 450000 | L90: =ROUND((K90*19%),2) -> 85500 | M90: =ROUND((L90+K90),2) -> 535500 | N90: =ROUND((M90*E90),2) -> 535500
B91: 38 | C91: Atlántico: Horno MEMMERT UM400, ATL-G-31 | D91: UNIDAD | E91: 1 | G91: ='ANEXO 1'!G93 -> 450000 | K91: =ROUND(AVERAGE(G91,I91),2) -> 450000 | L91: =ROUND((K91*19%),2) -> 85500 | M91: =ROUND((L91+K91),2) -> 535500 | N91: =ROUND((M91*E91),2) -> 535500
B92: 39 | C92: Medellín: Moto Tool Marca: Foredom. Modelo: TX H (Medellín MED-G-20, MED-G-22) | D92: UNIDAD | E92: 2 | G92: ='ANEXO 1'!G94 -> 300000 | I92: ='ANEXO 2'!L90 -> 204923.27 | K92: =ROUND(AVERAGE(G92,I92),2) -> 252461.64 | L92: =ROUND((K92*19%),2) -> 47967.71 | M92: =ROUND((L92+K92),2) -> 300429.35 | N92: =ROUND((M92*E92),2) -> 600858.7
B93: 40 | C93: Medellín: Molino Mezclador: Marca Retsch GmbH. Modelo MM 400 (MED-G-160) | D93: UNIDAD | E93: 1 | G93: ='ANEXO 1'!G95 -> 280000 | K93: =ROUND(AVERAGE(G93,I93),2) -> 280000 | L93: =ROUND((K93*19%),2) -> 53200 | M93: =ROUND((L93+K93),2) -> 333200 | N93: =ROUND((M93*E93),2) -> 333200
B94: 41 | C94: Medellín: Sierra oscilante. Marca: RUIJIN MEDICAL modelo NS-1011 (Medellín MED-G-19) | D94: UNIDAD | E94: 1 | G94: ='ANEXO 1'!G96 -> 300000 | I94: ='ANEXO 2'!L92 -> 199384.81 | K94: =ROUND(AVERAGE(G94,I94),2) -> 249692.41 | L94: =ROUND((K94*19%),2) -> 47441.56 | M94: =ROUND((L94+K94),2) -> 297133.97 | N94: =ROUND((M94*E94),2) -> 297133.97
B95: 42 | C95: Medellín: Crosslinker (Medellín MED-G-07, MED-G-14, MED-G-62, MED-G-138) | D95: UNIDAD | E95: 4 | G95: ='ANEXO 1'!G97 -> 320000 | K95: =ROUND(AVERAGE(G95,I95),2) -> 320000 | L95: =ROUND((K95*19%),2) -> 60800 | M95: =ROUND((L95+K95),2) -> 380800 | N95: =ROUND((M95*E95),2) -> 1523200
B96: 43 | C96: Medellín: Mini Centrífuga. (MED-G-37, MED-G-61, MED-G-81) | D96: UNIDAD | E96: 3 | G96: ='ANEXO 1'!G98 -> 350000 | K96: =ROUND(AVERAGE(G96,I96),2) -> 350000 | L96: =ROUND((K96*19%),2) -> 66500 | M96: =ROUND((L96+K96),2) -> 416500 | N96: =ROUND((M96*E96),2) -> 1249500
B97: 44 | C97: Medellín: Centrífuga de mesa (Medellín MED-G-80, MED-G-131) | D97: UNIDAD | E97: 2 | G97: ='ANEXO 1'!G99 -> 430000 | K97: =ROUND(AVERAGE(G97,I97),2) -> 430000 | L97: =ROUND((K97*19%),2) -> 81700 | M97: =ROUND((L97+K97),2) -> 511700 | N97: =ROUND((M97*E97),2) -> 1023400
B98: 45 | C98: Medellín: Mezclador térmico marca Thermo Fisher Scientific. Modelo thermal mixer (Medellín MED-G-35). | D98: UNIDAD | E98: 1 | G98: ='ANEXO 1'!G100 -> 430000 | I98: ='ANEXO 2'!L96 -> 332308.01 | K98: =ROUND(AVERAGE(G98,I98),2) -> 381154.01 | L98: =ROUND((K98*19%),2) -> 72419.26 | M98: =ROUND((L98+K98),2) -> 453573.27 | N98: =ROUND((M98*E98),2) -> 453573.27
B99: 46 | C99: Medellín: Centrifuga refrigerada de piso marca Thermo Fisher Scientific. Modelo X3 FR Ref: 75004537 (Medellín MED-G-39). | D99: UNIDAD | E99: 1 | G99: ='ANEXO 1'!G101 -> 430000 | I99: ='ANEXO 2'!L97 -> 310154.15 | K99: =ROUND(AVERAGE(G99,I99),2) -> 370077.08 | L99: =ROUND((K99*19%),2) -> 70314.65 | M99: =ROUND((L99+K99),2) -> 440391.73 | N99: =ROUND((M99*E99),2) -> 440391.73
B100: 47 | C100: Medellín: Autoclave. Marca: TUTTNAUER. Modelo: 3545E (Medellín MED-G-05). | D100: UNIDAD | E100: 1 | G100: ='ANEXO 1'!G102 -> 600000 | I100: ='ANEXO 2'!L98 -> 420923.48 | K100: =ROUND(AVERAGE(G100,I100),2) -> 510461.74 | L100: =ROUND((K100*19%),2) -> 96987.73 | M100: =ROUND((L100+K100),2) -> 607449.47 | N100: =ROUND((M100*E100),2) -> 607449.47
B101: 48 | C101: Medellín: Bloque seco de 32 pozos para tubos de 1.5 ml, Marca Grant. Modelo QBD1 (MED-G-141). | D101: UNIDAD | E101: 1 | G101: ='ANEXO 1'!G103 -> 480000 | I101: ='ANEXO 2'!L99 -> 332308.01 | K101: =ROUND(AVERAGE(G101,I101),2) -> 406154.01 | L101: =ROUND((K101*19%),2) -> 77169.26 | M101: =ROUND((L101+K101),2) -> 483323.27 | N101: =ROUND((M101*E101),2) -> 483323.27
B102: 49 | C102: Medellín: Horno de hibridación marca BARNSTEAD LAB-LINE Modelo CAT 308A (MED-G- 165) | D102: UNIDAD | E102: 1 | G102: ='ANEXO 1'!G104 -> 450000 | K102: =ROUND(AVERAGE(G102,I102),2) -> 450000 | L102: =ROUND((K102*19%),2) -> 85500 | M102: =ROUND((L102+K102),2) -> 535500 | N102: =ROUND((M102*E102),2) -> 535500
B103: MANTENIMIENTO PREVENTIVO Y CORRECTIVO / SOPORTE TÉCNICO | G103: ANÁLISIS DE COTIZACIONES | I103: ANÁLISIS GASTO HISTÓRICO | K103: VALOR SELECCIONADO
B104: ITEM | C104: DESCRIPCIÓN DEL BIEN | D104: UNIDAD DE MEDIDA | E104: CANTIDAD | G104: VALOR UNITARIO SIN IVA | I104: VALOR UNITARIO SIN IVA | K104: VALOR UNITARIO SIN IVA | L104: IVA UNITARIO | M104: VALOR UNITARIO INCLUIDO IVA | N104: VALOR TOTAL INCLUIDO IVA
B105: 50 | C105: Atlántico: Centrífuga refrigerada THERMO SCIENTIFIC SORVALL ST 16R ATL-G-22 ATL-G-23. El mantenimiento correctivo debe incluir: suministro e instalación de brazo hidráulico de soporte de tapa, elemento de fijación, pasador y accesorios de acople asociados (repuestos y servicios). | D105: UNIDAD | E105: 2 | G105: ='ANEXO 1'!G107 -> 350000 | I105: ='ANEXO 2'!L103 -> 199384.81 | K105: =ROUND(AVERAGE(G105,I105),2) -> 274692.41 | L105: =ROUND((K105*19%),2) -> 52191.56 | M105: =ROUND((L105+K105),2) -> 326883.97 | N105: =ROUND((M105*E105),2) -> 653767.94
B106: 51 | C106: Atlántico: Centrífuga THERMO SCIENTIFIC ESPRESSO ATL-G-25. El mantenimiento correctivo debe incluir: reparación de carcasa externa del equipo en zona de fijación, incluyendo recuperación de puntos de anclaje para tornillería (repuestos y servicios). | D106: UNIDAD | E106: 1 | G106: ='ANEXO 1'!G109 -> 250000 | I106: ='ANEXO 2'!L104 -> 166154.01 | K106: =ROUND(AVERAGE(G106,I106),2) -> 208077.01 | L106: =ROUND((K106*19%),2) -> 39534.63 | M106: =ROUND((L106+K106),2) -> 247611.64 | N106: =ROUND((M106*E106),2) -> 247611.64
B107: 52 | C107: Atlántico: Microcentrífuga EPPENDORF MINI SPIN 5452 ATL-G-57 ATL-G-103. El mantenimiento correctivo debe incluir: reparación de carcasa externa del equipo, recuperación de superficie afectada (repuestos y servicios). | D107: UNIDAD | E107: 2 | G107: ='ANEXO 1'!G111 -> 250000 | I107: ='ANEXO 2'!L105 -> 121846.27 | K107: =ROUND(AVERAGE(G107,I107),2) -> 185923.14 | L107: =ROUND((K107*19%),2) -> 35325.4 | M107: =ROUND((L107+K107),2) -> 221248.54 | N107: =ROUND((M107*E107),2) -> 442497.08
B108: 53 | C108: Atlántico: Vortex ATL-G-03. El mantenimiento correctivo debe incluir: cambio de rotor, cambio de capuchon (repuestos y servicios). | D108: UNIDAD | E108: 1 | G108: ='ANEXO 1'!G113 -> 180000 | K108: =ROUND(AVERAGE(G108,I108),2) -> 180000 | L108: =ROUND((K108*19%),2) -> 34200 | M108: =ROUND((L108+K108),2) -> 214200 | N108: =ROUND((M108*E108),2) -> 214200
...

Sheet ANEXO 4
B1: ANEXO 4
D2: ESTUDIO DE MERCADO DEFINITIVO
D3: PRESTAR EL SERVICIO DE MANTENIMIENTO DE EQUIPOS: ALCANCE AL OBJETO: GRUPO No 1: PRESTAR EL SERVICIO DE MANTENIMIENTO PREVENTIVO Y SOPORTE TÉCNICO PARA EQUIPOS DE REFRIGERACIÓN Y CONGELACIÓN DE LOS GRUPOS GENÉTICA DE LA FISCALÍA GENERAL DE LA NACIÓN. GRUPO No 2: PRESTAR EL SERVICIO DE MANTENIMIENTO PREVENTIVO, CORRECTIVO Y SOPORTE TÉCNICO PARA LOS EQUIPOS DE MEDIANA TECNOLOGÍA DE LOS GRUPOS GENÉTICA DE LA FISCALÍA GENERAL DE LA NACIÓN. GRUPO No 3: PRESTAR EL SERVICIO DE MANTENIMIENTO PREVENTIVO, CORRECTIVO Y SOPORTE TÉCNICO PARA LOS EQUIPOS CABINAS DE EXTRACCIÓN, BIOSEGURIDAD Y FLUJO LAMINAR DE LOS GRUPOS GENÉTICA Y QUÍMICA (Seccional Bogotá) DE LA FISCALÍA GENERAL DE LA NACIÓN.
B6: NECESIDAD
B7: GRUPO 1. MANTENIMIENTO PREVENTIVO, CORRECTIVO Y SOPORTE TÉCNICO PARA EQUIPOS DE REFRIGERACIÓN Y CONGELACIÓN - GRUPO DE GENETICA
B8: MANTENIMIENTO PREVENTIVO / SOPORTE TÉCNICO | G8: VALOR SELECCIONADO
B9: ITEM | C9: DESCRIPCIÓN DEL BIEN | D9: UNIDAD DE MEDIDA | E9: CANTIDAD | G9: VALOR UNITARIO SIN IVA | H9: IVA UNITARIO | I9: VALOR UNITARIO INCLUIDO IVA | J9: VALOR TOTAL INCLUIDO IVA
B10: 1 | C10: Congelador Revco md ULT 1740-5-A 30 S/N Y09H- 408968-YH (Bogotá G-179) | D10: UNIDAD | E10: 1 | G10: ='ANEXO 3'!K10 -> 186406.22 | H10: =+ROUND(G10*19%,2) -> 35417.18 | I10: =+ROUND(G10+H10,2) -> 221823.4 | J10: =ROUND((I10*E10),2) -> 221823.4
B11: 2 | C11: Congelador Revco md ULT2330A 22 s/n 0112971801130926 (Bogotá G-270) | D11: UNIDAD | E11: 1 | G11: ='ANEXO 3'!K11 -> 197483.15 | H11: =+ROUND(G11*19%,2) -> 37521.8 | I11: =+ROUND(G11+H11,2) -> 235004.95 | J11: =ROUND((I11*E11),2) -> 235004.95
B12: 3 | C12: Refrigerador Revco md REL2304A23 s/n 0112836701130801 (Bogotá G-291) | D12: UNIDAD | E12: 1 | G12: ='ANEXO 3'!K12 -> 171192.37 | H12: =+ROUND(G12*19%,2) -> 32526.55 | I12: =+ROUND(G12+H12,2) -> 203718.92 | J12: =ROUND((I12*E12),2) -> 203718.92
B13: 4 | C13: Refrigerador Revco md REL2304A14 s/n Y18H- 410411-YH (Bogotá G-174) | D13: UNIDAD | E13: 1 | G13: ='ANEXO 3'!K13 -> 171192.37 | H13: =+ROUND(G13*19%,2) -> 32526.55 | I13: =+ROUND(G13+H13,2) -> 203718.92 | J13: =ROUND((I13*E13),2) -> 203718.92
B14: 5 | C14: Refrigerador Revco md REL404A20 s/n 0115019101131008 (Bogotá G-301) | D14: UNIDAD | E14: 1 | G14: ='ANEXO 3'!K14 -> 171192.37 | H14: =+ROUND(G14*19%,2) -> 32526.55 | I14: =+ROUND(G14+H14,2) -> 203718.92 | J14: =ROUND((I14*E14),2) -> 203718.92
B15: 6 | C15: Refrigerador Revco md REL404A20 (Bogotá G- 302) | D15: UNIDAD | E15: 1 | G15: ='ANEXO 3'!K15 -> 171192.37 | H15: =+ROUND(G15*19%,2) -> 32526.55 | I15: =+ROUND(G15+H15,2) -> 203718.92 | J15: =ROUND((I15*E15),2) -> 203718.92
B16: 7 | C16: Refrigerador Revco md REL3004a23 s/n 01128803011820 (Bogotá G-290) | D16: UNIDAD | E16: 1 | G16: ='ANEXO 3'!K16 -> 171192.37 | H16: =+ROUND(G16*19%,2) -> 32526.55 | I16: =+ROUND(G16+H16,2) -> 203718.92 | J16: =ROUND((I16*E16),2) -> 203718.92
B17: 8 | C17: Refrigerador Revco md REL1204a24 s/n 0115089001131108 (Bogotá G-298) | D17: UNIDAD | E17: 1 | G17: ='ANEXO 3'!K17 -> 171192.37 | H17: =+ROUND(G17*19%,2) -> 32526.55 | I17: =+ROUND(G17+H17,2) -> 203718.92 | J17: =ROUND((I17*E17),2) -> 203718.92
B18: 9 | C18: Refrigerador / congelador EVERMED LCRF-370W (Bogotá G-331, G-332) | D18: UNIDAD | E18: 2 | G18: ='ANEXO 3'!K18 -> 228021.62 | H18: =+ROUND(G18*19%,2) -> 43324.11 | I18: =+ROUND(G18+H18,2) -> 271345.73 | J18: =ROUND((I18*E18),2) -> 542691.46
B19: 10 | C19: Refrigerador diserlab DIS NVE-01 (Bogotá G-142) | D19: UNIDAD | E19: 1 | G19: ='ANEXO 3'!K19 -> 233021.62 | H19: =+ROUND(G19*19%,2) -> 44274.11 | I19: =+ROUND(G19+H19,2) -> 277295.73 | J19: =ROUND((I19*E19),2) -> 277295.73
B20: 11 | C20: Refrigerador / congelador EVERMED LCRF-625S (Bogotá G-333) | D20: UNIDAD | E20: 1 | G20: ='ANEXO 3'!K20 -> 233021.62 | H20: =+ROUND(G20*19%,2) -> 44274.11 | I20: =+ROUND(G20+H20,2) -> 277295.73 | J20: =ROUND((I20*E20),2) -> 277295.73
B21: 12 | C21: Congelador THERMO SCIENTIFIC TSX2330FY (Bogotá G-365) | D21: UNIDAD | E21: 1 | G21: ='ANEXO 3'!K21 -> 191944.69 | H21: =+ROUND(G21*19%,2) -> 36469.49 | I21: =+ROUND(G21+H21,2) -> 228414.18 | J21: =ROUND((I21*E21),2) -> 228414.18
... B42: 33 | C42: Atlántico: Congelador-Refrigerador THERMO SCIENTIFIC MC20SS-SAEE-TS ATL, S/N 1168889501180806 (G-195) | D42: UNIDAD | E42: 1 | G42: ='ANEXO 3'!K42 -> 396790.89 | H42: =+ROUND(G42*19%,2) -> 75390.27 | I42: =+ROUND(G42+H42,2) -> 472181.16 | J42: =ROUND((I42*E42),2) -> 472181.16
B43: MANTENIMIENTO PREVENTIVO Y CORRECTIVO / SOPORTE TÉCNICO
B44: ITEM | C44: DESCRIPCIÓN DEL BIEN | D44: UNIDAD DE MEDIDA | E44: CANTIDAD | G44: VALOR UNITARIO SIN IVA | H44: IVA UNITARIO | I44: VALOR UNITARIO INCLUIDO IVA | J44: VALOR TOTAL INCLUIDO IVA
B45: 34 | C45: Congelador EVERMED LF-140W (Bogotá G-334) El mantenimiento correctivo debe incluir: cambio del controlador PID (display), sensor de temperatura y módulo de control de potencia (repuestos y servicios). | D45: UNIDAD | E45: 1 | G45: ='ANEXO 3'!K45 -> 186406.22 | H45: =+ROUND(G45*19%,2) -> 35417.18 | I45: =+ROUND(G45+H45,2) -> 221823.4 | J45: =ROUND((I45*E45),2) -> 221823.4
B46: 34.1 | C46: Repotenciación del sistema de control de temperatura para Congelador EVERMED LF-140W (Bogotá G-334) incluye reemplazo de controlador PID (display), sensor de temperatura y módulo de control de potencia. | D46: UNIDAD | E46: 1 | G46: 3610000 | H46: =+ROUND(G46*19%,2) -> 685900 | I46: =+ROUND(G46+H46,2) -> 4295900 | J46: =ROUND((I46*E46),2) -> 4295900
B47: 35 | C47: Refrigerador Revco md REL2304A23 s/n Y18H- 410410-YH (Bogotá G-178) El mantenimiento correctivo debe incluir el reemplazo del sensor de temperatura | D47: UNIDAD | E47: 1 | G47: ='ANEXO 3'!K46 -> 228021.62 | H47: =+ROUND(G47*19%,2) -> 43324.11 | I47: =+ROUND(G47+H47,2) -> 271345.73 | J47: =ROUND((I47*E47),2) -> 271345.73
B48: 35.1 | C48: Suministro e instalación sensor de temperatura para Refrigerador Revco md REL2304A23 s/n Y18H- 410410-YH (Bogotá G-178) | D48: UNIDAD | E48: 1 | G48: 710000 | H48: =+ROUND(G48*19%,2) -> 134900 | I48: =+ROUND(G48+H48,2) -> 844900 | J48: =ROUND((I48*E48),2) -> 844900
B49: 36 | C49: Congelador THERMO SCIENTIFIC TSX2330FY (Bogotá, G-358) El mantenimiento correctivo debe incluir la reparación del sistema de drenaje de condensados. | D49: UNIDAD | E49: 1 | G49: ='ANEXO 3'!K47 -> 240000 | H49: =+ROUND(G49*19%,2) -> 45600 | I49: =+ROUND(G49+H49,2) -> 285600 | J49: =ROUND((I49*E49),2) -> 285600
B50: 36.1 | C50: Reparación del sistema de drenaje de condensados del evaporador hacia la salida de desagüe para Congelador THERMO SCIENTIFIC TSX2330FY (Bogotá G-358) | D50: UNIDAD | E50: 1 | G50: 1060000 | H50: =+ROUND(G50*19%,2) -> 201400 | I50: =+ROUND(G50+H50,2) -> 1261400 | J50: =ROUND((I50*E50),2) -> 1261400
B51: 37 | C51: Ultracongelador THERMO SCIENTIFIC TSX2330FY (Bogotá G-388) El mantenimiento correctivo debe incluir: entrega e instalación de regulador de 4 kVA (repuestos y servicios). | D51: UNIDAD | E51: 1 | G51: ='ANEXO 3'!K48 -> 336944.69 | H51: =+ROUND(G51*19%,2) -> 64019.49 | I51: =+ROUND(G51+H51,2) -> 400964.18 | J51: =ROUND((I51*E51),2) -> 400964.18
B52: 37.1 | C52: Suministro de regulador de 4KVA para Ultracongelador THERMO SCIENTIFIC TSX2330FY (Bogotá G-388) | D52: UNIDAD | E52: 1 | G52: 2100000 | H52: =+ROUND(G52*19%,2) -> 399000 | I52: =+ROUND(G52+H52,2) -> 2499000 | J52: =ROUND((I52*E52),2) -> 2499000
G53: TOTAL GRUPO 1 | J53: =ROUND(SUM(J10:J52),2) -> 21481746
B55: GRUPO 2. EQUIPOS DE MEDIANA TECNOLOGÍA - GRUPO DE GENETICA
B56: MANTENIMIENTO PREVENTIVO / SOPORTE TECNICO (INCLUYE CONSUMIBLES PARA: ATL-G-37, ATL-G-99, G146, G229)
B57: ITEM | C57: DESCRIPCIÓN DEL BIEN | D57: UNIDAD DE MEDIDA | E57: CANTIDAD | G57: VALOR UNITARIO SIN IVA | H57: IVA UNITARIO | I57: VALOR UNITARIO INCLUIDO IVA | J57: VALOR TOTAL INCLUIDO IVA
B58: 1 | C58: Minispin 5452 eppendorf (Bogotá G-133, G-135) | D58: UNIDAD | E58: 2 | G58: ='ANEXO 3'!K54 -> 101538.5 | H58: =+ROUND(G58*19%,2) -> 19292.32 | I58: =+ROUND(G58+H58,2) -> 120830.82 | J58: =ROUND((I58*E58),2) -> 241661.64
B59: 2 | C59: Microcentrífuga Labnet (Bogotá G-255, G- 299) | D59: UNIDAD | E59: 2 | G59: ='ANEXO 3'!K55 -> 101538.5 | H59: =+ROUND(G59*19%,2) -> 19292.32 | I59: =+ROUND(G59+H59,2) -> 120830.82 | J59: =ROUND((I59*E59),2) -> 241661.64
B60: 3 | C60: Centrífuga refrigerada SORVALL LEGEND XFR marca THERMO SCIENTIFIC (Bogotá G-225, G-254) | D60: UNIDAD | E60: 2 | G60: ='ANEXO 3'!K56 -> 185038.54 | H60: =+ROUND(G60*19%,2) -> 35157.32 | I60: =+ROUND(G60+H60,2) -> 220195.86 | J60: =ROUND((I60*E60),2) -> 440391.72
B61: 4 | C61: Centrífuga refrigerada Labnet referencia Z400K (Bogotá G-129, G-130) | D61: UNIDAD | E61: 2 | G61: ='ANEXO 3'!K57 -> 179500.07 | H61: =+ROUND(G61*19%,2) -> 34105.01 | I61: =+ROUND(G61+H61,2) -> 213605.08 | J61: =ROUND((I61*E61),2) -> 427210.16
B62: 5 | C62: Horno de hibridación marca FINEPCR (Bogotá G-306) | D62: UNIDAD | E62: 1 | G62: ='ANEXO 3'!K58 -> 186000 | H62: =+ROUND(G62*19%,2) -> 35340 | I62: =+ROUND(G62+H62,2) -> 221340 | J62: =ROUND((I62*E62),2) -> 221340
B63: 6 | C63: Autoclave Tuttnauer Modelo 2540 Nova-3 (Bogotá G-237) | D63: UNIDAD | E63: 1 | G63: ='ANEXO 3'!K59 -> 400615.54 | H63: =+ROUND(G63*19%,2) -> 76116.95 | I63: =+ROUND(G63+H63,2) -> 476732.49 | J63: =ROUND((I63*E63),2) -> 476732.49
B64: 7 | C64: Molinos Mezcladores MM400 marca Retsh (Bogotá G-104, G-226, G-261, G-303, 369) | D64: UNIDAD | E64: 5 | G64: ='ANEXO 3'!K60 -> 185038.54 | H64: =+ROUND(G64*19%,2) -> 35157.32 | I64: =+ROUND(G64+H64,2) -> 220195.86 | J64: =ROUND((I64*E64),2) -> 1100979.3
B65: 8 | C65: Concentrador eppendorf (Bogotá G-227) | D65: UNIDAD | E65: 1 | G65: ='ANEXO 3'!K61 -> 265769.34 | H65: =+ROUND(G65*19%,2) -> 50496.17 | I65: =+ROUND(G65+H65,2) -> 316265.51 | J65: =ROUND((I65*E65),2) -> 316265.51
B66: 9 | C66: Mini incubadora (Bogotá G-145, G-305) | D66: UNIDAD | E66: 2 | G66: ='ANEXO 3'!K62 -> 161461.61 | H66: =+ROUND(G66*19%,2) -> 30677.71 | I66: =+ROUND(G66+H66,2) -> 192139.32 | J66: =ROUND((I66*E66),2) -> 384278.64
B67: 10 | C67: Mototool (Bogotá G-89, G-172, G-77 ) | D67: UNIDAD | E67: 3 | G67: ='ANEXO 3'!K63 -> 151192.37 | H67: =+ROUND(G67*19%,2) -> 28726.55 | I67: =+ROUND(G67+H67,2) -> 179918.92 | J67: =ROUND((I67*E67),2) -> 539756.76
B68: 11 | C68: Bloque seco (Bogotá G-238) | D68: UNIDAD | E68: 1 | G68: ='ANEXO 3'!K64 -> 179500.07 | H68: =+ROUND(G68*19%,2) -> 34105.01 | I68: =+ROUND(G68+H68,2) -> 213605.08 | J68: =ROUND((I68*E68),2) -> 213605.08
B69: 12 | C69: Microcentrífuga Labnet (Bogotá G-131) | D69: UNIDAD | E69: 1 | G69: ='ANEXO 3'!K65 -> 106538.5 | H69: =+ROUND(G69*19%,2) -> 20242.32 | I69: =+ROUND(G69+H69,2) -> 126780.82 | J69: =ROUND((I69*E69),2) -> 126780.82
... B106: 49 | C106: Medellín: Horno de hibridación marca BARNSTEAD LAB-LINE Modelo CAT 308A (MED-G- 165) | D106: UNIDAD | E106: 1 | G106: ='ANEXO 3'!K102 -> 450000 | H106: =+ROUND(G106*19%,2) -> 85500 | I106: =+ROUND(G106+H106,2) -> 535500 | J106: =ROUND((I106*E106),2) -> 535500
B107: MANTENIMIENTO PREVENTIVO Y CORRECTIVO / SOPORTE TÉCNICO
B108: ITEM | C108: DESCRIPCIÓN DEL BIEN | D108: UNIDAD DE MEDIDA | E108: CANTIDAD | G108: VALOR UNITARIO SIN IVA | H108: IVA UNITARIO | I108: VALOR UNITARIO INCLUIDO IVA | J108: VALOR TOTAL INCLUIDO IVA
B109: 50 | C109: Atlántico: Centrífuga refrigerada THERMO SCIENTIFIC SORVALL ST 16R ATL-G-22 ATL-G-23. El mantenimiento correctivo debe incluir: suministro e instalación de brazo hidráulico de soporte de tapa, elemento de fijación, pasador y accesorios de acople asociados (repuestos y servicios). | D109: UNIDAD | E109: 2 | G109: ='ANEXO 3'!K105 -> 274692.41 | H109: =+ROUND(G109*19%,2) -> 52191.56 | I109: =+ROUND(G109+H109,2) -> 326883.97 | J109: =ROUND((I109*E109),2) -> 653767.94
B110: 50.1 | C110: Suministro e instalación del sistema de soporte hidráulico de tapa para Centrífuga refrigerada THERMO SCIENTIFIC SORVALL ST 16R ATL-G-22 ATL-G-23 (Atlantico). El sistema se compone de brazo hidráulico, elementos de fijación, pasadores y accesorios de acople. | D110: UNIDAD | E110: 2 | G110: 3000000 | H110: =+ROUND(G110*19%,2) -> 570000 | I110: =+ROUND(G110+H110,2) -> 3570000 | J110: =ROUND((I110*E110),2) -> 7140000
B111: 51 | C111: Atlántico: Centrífuga THERMO SCIENTIFIC ESPRESSO ATL-G-25. El mantenimiento correctivo debe incluir: reparación de carcasa externa del equipo en zona de fijación, incluyendo recuperación de puntos de anclaje para tornillería (repuestos y servicios). | D111: UNIDAD | E111: 1 | G111: ='ANEXO 3'!K106 -> 208077.01 | H111: =+ROUND(G111*19%,2) -> 39534.63 | I111: =+ROUND(G111+H111,2) -> 247611.64 | J111: =ROUND((I111*E111),2) -> 247611.64
B112: 51.1 | C112: Reparación de carcasa externa del equipo en zona de fijación, incluyendo recuperación de puntos de anclaje para tornillería de la Centrífuga THERMO SCIENTIFIC ESPRESSO (Atlántico ATL-G-25) | D112: UNIDAD | E112: 1 | G112: 600000 | H112: =+ROUND(G112*19%,2) -> 114000 | I112: =+ROUND(G112+H112,2) -> 714000 | J112: =ROUND((I112*E112),2) -> 714000
B113: 52 | C113: Atlántico: Microcentrífuga EPPENDORF MINI SPIN 5452 ATL-G-57 ATL-G-103. El mantenimiento correctivo debe incluir: reparación de carcasa externa del equipo, recuperación de superficie afectada (repuestos y servicios). | D113: UNIDAD | E113: 2 | G113: ='ANEXO 3'!K107 -> 185923.14 | H113: =+ROUND(G113*19%,2) -> 35325.4 | I113: =+ROUND(G113+H113,2) -> 221248.54 | J113: =ROUND((I113*E113),2) -> 442497.08
B114: 52.1 | C114: Reparación de carcasa externa del equipo, recuperación de superficie afectada de Microcentrífugas EPPENDORF MINI SPIN 5452 ATL-G-57 ATL-G-103 (Atlántico) | D114: UNIDAD | E114: 2 | G114: 950000 | H114: =+ROUND(G114*19%,2) -> 180500 | I114: =+ROUND(G114+H114,2) -> 1130500 | J114: =ROUND((I114*E114),2) -> 2261000
B115: 53 | C115: Atlántico: Vortex ATL-G-03. El mantenimiento correctivo debe incluir: cambio de rotor, cambio de capuchon (repuestos y servicios). | D115: UNIDAD | E115: 1 | G115: ='ANEXO 3'!K108 -> 180000 | H115: =+ROUND(G115*19%,2) -> 34200 | I115: =+ROUND(G115+H115,2) -> 214200 | J115: =ROUND((I115*E115),2) -> 214200
B116: 53.1 | C116: Suministro e instalación de capuchon para Vortex (Atlántico ATL-G-03) | D116: UNIDAD | E116: 1 | G116: 380000 | H116: =+ROUND(G116*19%,2) -> 72200 | I116: =+ROUND(G116+H116,2) -> 452200 | J116: =ROUND((I116*E116),2) -> 452200
B117: 53.2 | C117: Suministro e instalación de motor para Vortex (Atlántico ATL-G-03) | D117: UNIDAD | E117: 1 | G117: 640000 | H117: =+ROUND(G117*19%,2) -> 121600 | I117: =+ROUND(G117+H117,2) -> 761600 | J117: =ROUND((I117*E117),2) -> 761600
B118: 54 | C118: Atlántico: CENTRIFUGA THERMO FISHER SCIENTIFIC SORVALL ST 8 ATL-G-211. El mantenimiento correctivo debe incluir: suministro e instalación de brazo hidráulico de soporte de tapa, elemento de fijación, pasador y accesorios de acople (repuestos y servicios). | D118: UNIDAD | E118: 1 | G118: ='ANEXO 3'!K109 -> 274692.41 | H118: =+ROUND(G118*19%,2) -> 52191.56 | I118: =+ROUND(G118+H118,2) -> 326883.97 | J118: =ROUND((I118*E118),2) -> 326883.97
B119: 54.1 | C119: Suministro e instalación del sistema de soporte hidráulico de tapa para CENTRIFUGA THERMO FISHER SCIENTIFIC SORVALL ST 8 (Atlántico ATL-G-211). El sistema se compone de brazo hidráulico, elementos de fijación, pasadores y accesorios de acople. | D119: UNIDAD | E119: 1 | G119: 3000000 | H119: =+ROUND(G119*19%,2) -> 570000 | I119: =+ROUND(G119+H119,2) -> 3570000 | J119: =ROUND((I119*E119),2) -> 3570000
B120: 55 | C120: Atlántico: CROSSLINKER UV, ANALYTIC JENA, MODELO: CL-3000, ATL-G-224. El mantenimiento correctivo debe incluir: cambio del visor de visualización (repuestos y servicios). | D120: UNIDAD | E120: 1 | G120: ='ANEXO 3'!K110 -> 265230.87 | H120: =+ROUND(G120*19%,2) -> 50393.87 | I120: =+ROUND(G120+H120,2) -> 315624.74 | J120: =ROUND((I120*E120),2) -> 315624.74
B121: 55.1 | C121: Sumimistro e instalación de visor de visualización de CROSSLINKER UV, ANALYTIC JENA, MODELO: CL-3000, (Atlántico ATL-G-224). | D121: UNIDAD | E121: 1 | G121: 1480000 | H121: =+ROUND(G121*19%,2) -> 281200 | I121: =+ROUND(G121+H121,2) -> 1761200 | J121: =ROUND((I121*E121),2) -> 1761200
B122: 56 | C122: Atlántico: Mototool FOREDOM TX H ATL-G-149, ATL-G-150 ES DREMEL ATL-G-37, ATL-G-98, ATL-G-99, debe incluir el cambio de dos (2) guayas y el cambio de escobillas para ATL-G-37. | D122: UNIDAD | E122: 5 | G122: ='ANEXO 3'!K111 -> 216461.61 | H122: =+ROUND(G122*19%,2) -> 41127.71 | I122: =+ROUND(G122+H122,2) -> 257589.32 | J122: =ROUND((I122*E122),2) -> 1287946.6
B123: 56.1 | C123: Suministro e instalación de guayas para ( ATL-G-37) Atlántico: Mototool FOREDOM TX H | D123: UNIDAD | E123: 2 | G123: 400000 | H123: =+ROUND(G123*19%,2) -> 76000 | I123: =+ROUND(G123+H123,2) -> 476000 | J123: =ROUND((I123*E123),2) -> 952000
B124: 56.2 | C124: Suministro e instalación de escobillas para ( ATL-G-37) Atlántico: Mototool FOREDOM TX H | D124: UNIDAD | E124: 2 | G124: 100000 | H124: =+ROUND(G124*19%,2) -> 19000 | I124: =+ROUND(G124+H124,2) -> 119000 | J124: =ROUND((I124*E124),2) -> 238000
B125: 57 | C125: Medellín: Horno de hibridación marca FINEPCR (MED-G-36). El mantenimiento correctivo del horno debe incluir para los dos compartimentos: el cambio de Display control PID, sensor y control de potencia. Se debe realizar la programación del instrumento, seguida de la restauración de parámetros operativos. Además, se debe garantizar la configuración de sensores y motoventilador para asegurar un desempeño óptimo. Ajustes de tolerancia, garantizando una precisión de ±1°C para asegurar la estabilidad del equipo (repuestos y servicios). | D125: UNIDAD | E125: 1 | G125: ='ANEXO 3'!K112 -> 296846.27 | H125: =+ROUND(G125*19%,2) -> 56400.79 | I125: =+ROUND(G125+H125,2) -> 353247.06 | J125: =ROUND((I125*E125),2) -> 353247.06
B126: 57.1 | C126: Repotenciación integral del sistema de control y regulación de temperatura del Horno de hibridación marca FINEPCR (Medellin MED-G-36), aplica para los dos compartimentos, incluyendo suministro e instalación de displays de control PID, sensores de temperatura, controles de potencia y demás componentes asociados; programación y configuración de instrumentos, restauración de parámetros operativos, ajuste y verificación de sensores y motoventiladores, pruebas de funcionamiento y calibración de tolerancias para garantizar una precisión de ±1 °C y la estabilidad operativa del equipo. Servicio debe prestarse en sitio. | D126: UNIDAD | E126: 1 | G126: 4450000 | H126: =+ROUND(G126*19%,2) -> 845500 | I126: =+ROUND(G126+H126,2) -> 5295500 | J126: =ROUND((I126*E126),2) -> 5295500
B127: 58 | C127: Medellín: Molino Mezclador: Marca Retsch GmbH. Modelo MM 400 (MED-G-18). El mantenimiento correctivo debe incluir: Cambio de perilla de ajuste de molienda (repuestos y servicios). | D127: UNIDAD | E127: 1 | G127: ='ANEXO 3'!K113 -> 249692.41 | H127: =+ROUND(G127*19%,2) -> 47441.56 | I127: =+ROUND(G127+H127,2) -> 297133.97 | J127: =ROUND((I127*E127),2) -> 297133.97
B128: 58.1 | C128: Suministro e instalación de perilla ajuste de molienda para Molino Mezclador Retsch GmbH. Modelo MM 400 (Medellín MED-G-18). | D128: UNIDAD | E128: 1 | G128: 1700000 | H128: =+ROUND(G128*19%,2) -> 323000 | I128: =+ROUND(G128+H128,2) -> 2023000 | J128: =ROUND((I128*E128),2) -> 2023000
B129: 59 | C129: Centrífuga de mesa (Medellín MED-G-38), El mantenimiento correctivo debe incluir: suministro e instalación de brazo hidráulico de soporte de tapa, elemento de fijación, pasador y accesorios de acople (repuesto y servicio). | D129: UNIDAD | E129: 1 | G129: ='ANEXO 3'!K114 -> 350000 | H129: =+ROUND(G129*19%,2) -> 66500 | I129: =+ROUND(G129+H129,2) -> 416500 | J129: =ROUND((I129*E129),2) -> 416500
B130: 59.1 | C130: Suministro e instalación del sistema de soporte hidráulico de tapa para Centrífuga de mesa (Medellín MED-G-38). El sistema se compone de brazo hidráulico, elementos de fijación, pasadores y accesorios de acople. | D130: UNIDAD | E130: 1 | G130: 3000000 | H130: =+ROUND(G130*19%,2) -> 570000 | I130: =+ROUND(G130+H130,2) -> 3570000 | J130: =ROUND((I130*E130),2) -> 3570000
B131: 60 | C131: Centrífuga refrigerada SORVALL LEGEND XFR marca THERMO SCIENTIFIC (Bogotá G-287). Requiere cambio de rodamientos del motor. | D131: UNIDAD | E131: 1 | G131: ='ANEXO 3'!K115 -> 185038.54 | H131: =+ROUND(G131*19%,2) -> 35157.32 | I131: =+ROUND(G131+H131,2) -> 220195.86 | J131: =ROUND((I131*E131),2) -> 220195.86
B132: 60.1 | C132: Suministro e instalación de rodamientos del motor para Centrífuga refrigerada SORVALL LEGEND XFR Marca: THERMO SCIENTIFIC (Bogotá G-287) | D132: UNIDAD | E132: 1 | G132: 1135000 | H132: =+ROUND(G132*19%,2) -> 215650 | I132: =+ROUND(G132+H132,2) -> 1350650 | J132: =ROUND((I132*E132),2) -> 1350650
B133: 61 | C133: Motor eléctrico FOREDOM SR (Bogotá 5, G-229), debe incluir el cambio de cinco (5) guayas y escobillas para los 5 equipos. | D133: UNIDAD | E133: 5 | G133: ='ANEXO 3'!K116 -> 200000 | H133: =+ROUND(G133*19%,2) -> 38000 | I133: =+ROUND(G133+H133,2) -> 238000 | J133: =ROUND((I133*E133),2) -> 1190000
B134: 61.1 | C134: Suministro e instalación de guayas para Motor eléctrico FOREDOM SR (Bogotá 5, G-229) | D134: UNIDAD | E134: 5 | G134: 260000 | H134: =+ROUND(G134*19%,2) -> 49400 | I134: =+ROUND(G134+H134,2) -> 309400 | J134: =ROUND((I134*E134),2) -> 1547000
B135: 61.2 | C135: Suministro e instalación de escobillas para Motor eléctrico FOREDOM SR (Bogotá 5, G-229) | D135: UNIDAD | E135: 5 | G135: 40000 | H135: =+ROUND(G135*19%,2) -> 7600 | I135: =+ROUND(G135+H135,2) -> 47600 | J135: =ROUND((I135*E135),2) -> 238000
B136: 62 | C136: Sierra eléctrica Braun GA 673 (Bogotá, G-146), debe incluir accesorios de cambio (20 hojas de sierra B. Braun GC219R) | D136: UNIDAD | E136: 1 | G136: ='ANEXO 3'!K117 -> 200000 | H136: =+ROUND(G136*19%,2) -> 38000 | I136: =+ROUND(G136+H136,2) -> 238000 | J136: =ROUND((I136*E136),2) -> 238000
B137: 62.1 | C137: Suministro de hojas de sierra B. Braun GC219R para Sierra eléctrica Braun GA 673 (Bogotá, G-146) | D137: UNIDAD | E137: 20 | G137: 542500 | H137: =+ROUND(G137*19%,2) -> 103075 | I137: =+ROUND(G137+H137,2) -> 645575 | J137: =ROUND((I137*E137),2) -> 12911500
B138: 63 | C138: Crosslinker U.V Hoefer UVC 500 (Bogotá G-228, G-230, G-231, G-288, G-294, G-297). Debe incluir el cambio de lámparas para los 6 equipos. | D138: UNIDAD | E138: 6 | G138: ='ANEXO 3'!K118 -> 208077.01 | H138: =+ROUND(G138*19%,2) -> 39534.63 | I138: =+ROUND(G138+H138,2) -> 247611.64 | J138: =ROUND((I138*E138),2) -> 1485669.8
B139: 63.1 | C139: Suministro e instalación de lámparas para Crosslinker U.V Hoefer UVC 500 (Bogotá G-228, G-230, G-231, G-288, G-294, G-297). | D139: UNIDAD | E139: 6 | G139: 1590000 | H139: =+ROUND(G139*19%,2) -> 302100 | I139: =+ROUND(G139+H139,2) -> 1892100 | J139: =ROUND((I139*E139),2) -> 11352600
G140: TOTAL GRUPO 2 | J140: =ROUND(SUM(J58:J139),2) -> 88152645
B142: GRUPO 3. EQUIPOS CABINAS DE BIOSEGURIDAD, EXTRACCIÓN Y FLUJO LAMINAR - GRUPO DE GENETICA/ GRUPO DE QUÍMICA
B143: MANTENIMIENTO PREVENTIVO Y CORRECTIVO / SOPORTE TÉCNICO
B144: ITEM | C144: DESCRIPCIÓN DEL BIEN | D144: UNIDAD DE MEDIDA | E144: CANTIDAD | G144: VALOR UNITARIO SIN IVA | H144: IVA UNITARIO | I144: VALOR UNITARIO INCLUIDO IVA | J144: VALOR TOTAL INCLUIDO IVA
B145: 1 | C145: CABINA DE BIOSEGURIDAD LABCONCO LOGIC CAT 302381000 S/N 13982212B (Bogotá G-296). | D145: UNIDAD | E145: 1 | G145: ='ANEXO 3'!K124 -> 354000.14 | H145: =+ROUND(G145*19%,2) -> 67260.03 | I145: =+ROUND(G145+H145,2) -> 421260.17 | J145: =ROUND((I145*E145),2) -> 421260.17
B146: 2 | C146: Cabina Esco md SPO-4A2 S/N 2008-36609 AIR SAFE 133FPM (Bogotá G-113). | D146: UNIDAD | E146: 1 | G146: ='ANEXO 3'!K125 -> 345692.44 | H146: =+ROUND(G146*19%,2) -> 65681.56 | I146: =+ROUND(G146+H146,2) -> 411374 | J146: =ROUND((I146*E146),2) -> 411374
B147: 3 | C147: Cabina Esco md SPO-4A2 S/N 2008-36610 AIR SAFE 133FPM (Bogotá G-114). | D147: UNIDAD | E147: 1 | G147: ='ANEXO 3'!K126 -> 345692.44 | H147: =+ROUND(G147*19%,2) -> 65681.56 | I147: =+ROUND(G147+H147,2) -> 411374 | J147: =ROUND((I147*E147),2) -> 411374
B148: 4 | C148: CAMPANA DE EXTRACCION LABCONCO PARAMOUNT MD 6963300 S/N 130982422A. (Bogotá G-286) | D148: UNIDAD | E148: 1 | G148: ='ANEXO 3'!K127 -> 354000.14 | H148: =+ROUND(G148*19%,2) -> 67260.03 | I148: =+ROUND(G148+H148,2) -> 421260.17 | J148: =ROUND((I148*E148),2) -> 421260.17
B149: 5 | C149: CAMPANA DE EXTRACCION LABCONCO PARAMOUNT MD 6963400 S/N 130982417ª (Bogotá G-300). | D149: UNIDAD | E149: 1 | G149: ='ANEXO 3'!K128 -> 345692.44 | H149: =+ROUND(G149*19%,2) -> 65681.56 | I149: =+ROUND(G149+H149,2) -> 411374 | J149: =ROUND((I149*E149),2) -> 411374
B150: 6 | C150: Cabina de flujo laminar marca Labconco, md 302381000 s/n 130881023b (Bogotá G-281). | D150: UNIDAD | E150: 1 | G150: ='ANEXO 3'!K129 -> 337384.74 | H150: =+ROUND(G150*19%,2) -> 64103.1 | I150: =+ROUND(G150+H150,2) -> 401487.84 | J150: =ROUND((I150*E150),2) -> 401487.84
B151: 7 | C151: Cabina Labconco md 36205-04 s/n 981101508V (Bogotá G-194). | D151: UNIDAD | E151: 1 | G151: ='ANEXO 3'!K130 -> 359538.61 | H151: =+ROUND(G151*19%,2) -> 68312.34 | I151: =+ROUND(G151+H151,2) -> 427850.95 | J151: =ROUND((I151*E151),2) -> 427850.95
B152: 8 | C152: CAMPANA DE EXTRACCION LABCONCO PARAMOUNT MD 69634330 S/N 130982423ª (Bogotá G-285). | D152: UNIDAD | E152: 1 | G152: ='ANEXO 3'!K131 -> 354000.14 | H152: =+ROUND(G152*19%,2) -> 67260.03 | I152: =+ROUND(G152+H152,2) -> 421260.17 | J152: =ROUND((I152*E152),2) -> 421260.17
B153: 9 | C153: Cabina Esco md AC2-2E2 S/N 2012-69165 (G-215). | D153: UNIDAD | E153: 1 | G153: ='ANEXO 3'!K132 -> 345692.44 | H153: =+ROUND(G153*19%,2) -> 65681.56 | I153: =+ROUND(G153+H153,2) -> 411374 | J153: =ROUND((I153*E153),2) -> 411374
B154: 10 | C154: Atlántico: Cabina de Bioseguridad ESCO AC2-3E2 ATL-G-104 | D154: UNIDAD | E154: 1 | G154: ='ANEXO 3'!K133 -> 487230.94 | H154: =+ROUND(G154*19%,2) -> 92573.88 | I154: =+ROUND(G154+H154,2) -> 579804.82 | J154: =ROUND((I154*E154),2) -> 579804.82
B155: 11 | C155: Atlántico: Cabina de extracción de gases ESCO SPD4A2 ATL-G-19. | D155: UNIDAD | E155: 1 | G155: ='ANEXO 3'!K134 -> 481692.48 | H155: =+ROUND(G155*19%,2) -> 91521.57 | I155: =+ROUND(G155+H155,2) -> 573214.05 | J155: =ROUND((I155*E155),2) -> 573214.05
B156: 12 | C156: Atlántico: Cabina de Bioseguridad ESCO AC2-3E2 ATL-G-17 | D156: UNIDAD | E156: 1 | G156: ='ANEXO 3'!K135 -> 487230.94 | H156: =+ROUND(G156*19%,2) -> 92573.88 | I156: =+ROUND(G156+H156,2) -> 579804.82 | J156: =ROUND((I156*E156),2) -> 579804.82
... B160: 16 | C160: Química Seccional Bogotá: Cabina Extractora de Humos – BOG-SC-51. AIRFLUX, Extractor. | D160: UNIDAD | E160: 1 | G160: ='ANEXO 3'!K139 -> 820000 | H160: =+ROUND(G160*19%,2) -> 155800 | I160: =+ROUND(G160+H160,2) -> 975800 | J160: =ROUND((I160*E160),2) -> 975800
B161: MANTENIMIENTO PREVENTIVO Y CORRECTIVO / SOPORTE TÉCNICO
B162: ITEM | C162: DESCRIPCIÓN DEL BIEN | D162: UNIDAD DE MEDIDA | E162: CANTIDAD | G162: VALOR UNITARIO SIN IVA | H162: IVA UNITARIO | I162: VALOR UNITARIO INCLUIDO IVA | J162: VALOR TOTAL INCLUIDO IVA
B163: 17 | C163: Cabina de flujo laminar marca Labconco, MD 302381000 S/N 130981353-b (Bogotá G-293). El mantenimiento correctivo debe incluir: REVISIÓN de SENSORES, FILTROS y SOFTWARE (repuestos y servicios). | D163: UNIDAD | E163: 1 | G163: ='ANEXO 3'!K142 -> 421846.27 | H163: =+ROUND(G163*19%,2) -> 80150.79 | I163: =+ROUND(G163+H163,2) -> 501997.06 | J163: =ROUND((I163*E163),2) -> 501997.06
...
